Workbook
Name LINHA7: #REF!
Name LINHA7: #REF!

Sheet 1 - Orçamento Resumido
E2: PREFEITURA MUNICIPAL DE JARDIM | H2: BANCOS:
E3: RUA CORONEL JUVÊNCIO, Nº 547 | G3: ENCARGOS SOCIAIS | H3: SINAP 09/2025 - MS | I3: SBC 10/2025
E4: CNPJ: 03.162.047/0001-40 | G4: SEM DESONERAÇÃO | H4: AGESUL 06/2025 | I4: SEINFRA 028
E5: OBRA: CONSTRUÇÃO DO CENTRO DE ATENÇÃO PSICOSSOCIAL I E II | H5: ORSE 08/2025 | I5: IOPS 07/2025
G6: HORISTA: 107,52% | H6: CPOS 09/2025 | I6: EMOP 09/2025
E7: LOCAL: RUA JOSÉ DE ALENCAR, ESQ. C/ RUA DÁLIA BERNADINO DA SILVA, JARDIM/MS | G7: MENSALISTA: 64,8% | H7: AGETOP 06/2025 | I7: BDI: 25,00%
B9: ORÇAMENTO RESUMIDO
B11: ITEM | E11: DESCRIÇÃO | I11: TOTAL | J11: PESO (%)
B13: 1 | E13: SERVIÇOS PRELIMINARES E INDIRETOS | I13: 149455.06 | J13: 0.056417493
B14: 2 | C14: 2 | E14: FUNDAÇÃO | I14: 256655.79 | J14: 0.096884482
B15: 3 | C15: 3 | E15: ESTRUTURA | I15: 261481.5 | J15: 0.09870613
B16: 4 | C16: 4 | E16: ALVENARIA, VEDAÇÕES E DIVISÓRIAS | I16: 205573.09 | J16: 0.077601376
B17: 5 | C17: 5 | E17: COBERTURA | I17: 98886.73 | J17: 0.037328555
B18: 6 | C18: 6 | E18: IMPERMEABILIZAÇÃO | I18: 38895.46 | J18: 0.01468257
B19: 7 | C19: 7 | E19: ESQUADRIAS | I19: 229739.92 | J19: 0.086724064
B20: 8 | C20: 8 | E20: REVESTIMENTO DE PAREDE | I20: 107041.4 | J20: 0.040406845
B21: 9 | C21: 9 | E21: REVESTIMENTO DE PISO INTERNO | I21: 146517.41 | J21: 0.055308565
B22: 10 | C22: 10 | E22: REVESTIMENTO DE PISO EXTERNO | I22: 39170.56 | J22: 0.014786417
B23: 11 | C23: 11 | E23: REVESTIMENTO DE TETO | I23: 45136.83 | J23: 0.017038612
B24: 12 | C24: 12 | E24: PINTURA | I24: 88858.89 | J24: 0.033543165
B25: 13 | C25: 13 | E25: MARMORARIA | I25: 24962.46 | J25: 0.0094230292
... B30: 18 | C30: 18 | E30: DADOS E VOZ | I30: 21896.19 | J30: 0.0082655491
B31: 19 | C31: 18 | E31: URBANIZAÇÃO | I31: 15344.81 | J31: 0.0057924817
B32: 20 | C32: 19 | E32: MURO | I32: 158843.22 | J32: 0.05996141
B33: 21 | C33: 20 | E33: SERVIÇOS COMPLEMENTARES | I33: 12533.22 | J33: 0.0047311402
H35: Total sem BDI | J35: 2119412.4
H36: Total do BDI | J36: 529678.36
H37: Total Geral | J37: 2649090.8

Sheet 2 - Orçamento Sintético
D2: ='1 - Orçamento Resumido'!E2 -> PREFEITURA MUNICIPAL DE JARDIM | H2: ='1 - Orçamento Resumido'!H2 -> BANCOS:
D3: ='1 - Orçamento Resumido'!E3 -> RUA CORONEL JUVÊNCIO, Nº 547 | F3: ENCARGOS SOCIAIS | H3: ='1 - Orçamento Resumido'!H3 -> SINAP 09/2025 - MS | I3: ='1 - Orçamento Resumido'!I3 -> SBC 10/2025
D4: ='1 - Orçamento Resumido'!E4 -> CNPJ: 03.162.047/0001-40 | F4: ='1 - Orçamento Resumido'!G4 -> SEM DESONERAÇÃO | H4: ='1 - Orçamento Resumido'!H4 -> AGESUL 06/2025 | I4: ='1 - Orçamento Resumido'!I4 -> SEINFRA 028
D5: {='1 - Orçamento Resumido'!E5:F6} -> OBRA: CONSTRUÇÃO DO CENTRO DE ATENÇÃO PSICOSSOCIAL I E II | E5: 0 | H5: ='1 - Orçamento Resumido'!H5 -> ORSE 08/2025 | I5: ='1 - Orçamento Resumido'!I5 -> IOPS 07/2025
D6: 0 | E6: 0 | F6: HORISTA: 107,52% | H6: ='1 - Orçamento Resumido'!H6 -> CPOS 09/2025 | I6: ='1 - Orçamento Resumido'!I6 -> EMOP 09/2025
D7: {='1 - Orçamento Resumido'!E7:F7} -> LOCAL: RUA JOSÉ DE ALENCAR, ESQ. C/ RUA DÁLIA BERNADINO DA SILVA, JARDIM/MS | E7: 0 | F7: MENSALISTA: 64,8% | H7: ='1 - Orçamento Resumido'!H7 -> AGETOP 06/2025 | I7: ='1 - Orçamento Resumido'!I7 -> BDI: 25,00%
B9: ORÇAMENTO SINTÉTICO
B11: ITEM | C11: CÓDIGO | D11: BANCO | E11: DESCRIÇÃO | F11: UND | G11: QUANT | H11: VALOR UNIT | I11: VALOR UNIT COM BDI | J11: TOTAL | K11: PESO (%)
B13: 1 | E13: SERVIÇOS PRELIMINARES E INDIRETOS | G13: 1 | I13: 149455.06 | J13: 149455.06 | K13: 0.056417493
B14: 1.1 | E14: CANTEIRO DE OBRAS | G14: 1 | I14: 81496.86 | J14: 81496.86 | K14: 0.030764087
B15: 1.1.1 | C15: CPU2526 | D15: Próprio | E15: LOCAÇÃO DE CONTAINER TIPO DEPÓSITO - ÁREA MÍNIMA DE 13,80 M2 | F15: UNXMÊS | G15: 14 | H15: 88.07 | I15: 110.08 | J15: 1541.12 | K15: 0.00058175432
B16: 1.1.2 | C16: CPU2527 | D16: Próprio | E16: BARRACÃO ABERTO PARA APOIO À PRODUÇÃO (CARPINTARIA, CENTRAL DE ARMAÇÃO, OFICINA, ETC.) C/ TESOURAS, TELHA 4MM, PISO EM CONCRETO DESEMPOLADO | F16: m² | G16: 15 | H16: 233.28 | I16: 291.6 | J16: 4374 | K16: 0.0016511325
B17: 1.1.3 | C17: CPU2528 | D17: Próprio | E17: LOCAÇÃO DE CONTAINER - BANHEIRO COM CHUVEIROS E VASOS - 4,30 X 2,30M | F17: MÊS | G17: 14 | H17: 962.26 | I17: 1202.82 | J17: 16839.48 | K17: 0.0063567017
B18: 1.1.4 | C18: CPU2529 | D18: Próprio | E18: BARRACAO PARA REFEITORIO EM OBRAS EM COMPENSADO | F18: m² | G18: 13 | H18: 1028.55 | I18: 1285.68 | J18: 16713.84 | K18: 0.0063092741
B19: 1.1.5 | C19: 95648 | D19: SINAPI | E19: KIT CAVALETE PARA MEDIÇÃO DE ÁGUA - ENTRADA INDIVIDUALIZADA, EM CPVC DN 28 MM (1"), PARA 1 MEDIDOR - FORNECIMENTO E INSTALAÇÃO (EXCLUSIVE HIDRÔMETRO). AF_03/2024 | F19: UN | G19: 1 | H19: 682.72 | I19: 853.4 | J19: 853.4 | K19: 0.00032214826
B20: 1.1.6 | C20: 95673 | D20: SINAPI | E20: HIDRÔMETRO DN 1/2", 1,5 M3/H - FORNECIMENTO E INSTALAÇÃO. AF_03/2024 | F20: UN | G20: 1 | H20: 130.95 | I20: 163.68 | J20: 163.68 | K20: 6.1787237e-05
B21: 1.1.7 | C21: 101509 | D21: SINAPI | E21: ENTRADA DE ENERGIA ELÉTRICA, AÉREA, TRIFÁSICA, COM CAIXA DE EMBUTIR, CABO DE 10 MM2 E DISJUNTOR DIN 50A (NÃO INCLUSO O POSTE DE CONCRETO). AF_07/2020 | F21: UN | G21: 1 | H21: 1907.7 | I21: 2384.62 | J21: 2384.62 | K21: 0.00090016545
B22: 1.1.8 | C22: 103689 | D22: SINAPI | E22: FORNECIMENTO E INSTALAÇÃO DE PLACA DE OBRA COM CHAPA GALVANIZADA E ESTRUTURA DE MADEIRA. AF_03/2022_PS | F22: m² | G22: 6 | H22: 457.25 | I22: 571.56 | J22: 3429.36 | K22: 0.0012945423
B23: 1.1.9 | C23: CPU2530 | D23: Próprio | E23: REMOÇÃO DE ENTULHO SEPARADO DE OBRA COM CAÇAMBA METÁLICA - TERRA, ALVENARIA, CONCRETO, ARGAMASSA, MADEIRA, PAPEL, PLÁSTICO OU METAL | F23: m³ | G23: 140 | H23: 13.03 | I23: 16.28 | J23: 2279.2 | K23: 0.00086037066
B24: 1.1.10 | C24: 98459 | D24: SINAPI | E24: TAPUME COM TELHA METÁLICA. AF_03/2024 | F24: m² | G24: 325.6 | H24: 80.88 | I24: 101.1 | J24: 32918.16 | K24: 0.012426211
B25: 1.2 | E25: ADMINISTRAÇÃO LOCAL DA OBRA | G25: 1 | I25: 47982.6 | J25: 47982.6 | K25: 0.018112856
B26: 1.2.1 | C26: 93565 | D26: SINAPI | E26: ENGENHEIRO CIVIL DE OBRA JUNIOR COM ENCARGOS COMPLEMENTARES | F26: MES | G26: 1.75 | H26: 21934.91 | I26: 27418.63 | J26: 47982.6 | K26: 0.018112856
B27: 1.3 | E27: MOBILIZAÇÃO E DESMOBILIZAÇÃO | G27: 1 | I27: 7874.92 | J27: 7874.92 | K27: 0.0029726878
B28: 1.3.1 | C28: CPU2531 | D28: Próprio | E28: MOBILIZACAO E DESMOBILIZACAO DE CANTEIRO | F28: UN | G28: 1 | H28: 6299.94 | I28: 7874.92 | J28: 7874.92 | K28: 0.0029726878
B29: 1.4 | E29: EQUIPAMENTOS DE APOIO | G29: 1 | I29: 12100.68 | J29: 12100.68 | K29: 0.0045678616
B30: 1.4.1 | C30: CPU1926 | D30: Próprio | E30: LOCACAO DE ANDAIME METALICO TIPO FACHADEIRO, PECAS COM APROXIMADAMENTE 1,20 M DE LARGURA E 2,0 M DE ALTURA, INCLUINDO DIAGONAIS EM X, BARRAS DE LIGACAO, SAPATAS E DEMAIS ITENS NECESSARIOS A MONTAGEM, INCLUSIVE MONTAGEM E DESMONTAGEM | F30: M2XMÊS | G30: 273.4 | H30: 35.41 | I30: 44.26 | J30: 12100.68 | K30: 0.0045678616
B31: 2 | E31: FUNDAÇÃO | G31: 1 | I31: 256655.79 | J31: 256655.79 | K31: 0.096884482
B32: 2.1 | E32: ESTACAS ESCAVADAS | G32: 1 | I32: 119958.23 | J32: 119958.23 | K32: 0.045282793
B33: 2.1.1 | C33: 99059 | D33: SINAPI | E33: LOCAÇÃO CONVENCIONAL DE OBRA, UTILIZANDO GABARITO DE TÁBUAS CORRIDAS PONTALETADAS A CADA 2,00M - 2 UTILIZAÇÕES. AF_03/2024 | F33: M | G33: 97.5 | H33: 62.08 | I33: 77.6 | J33: 7566 | K33: 0.0028560743
B34: 2.1.2 | C34: 0301000134 | D34: AGESUL | E34: ESTACA ESCAVADA MECANICAMENTE, SEM FLUIDO ESTABILIZANTE, COM 40CM DE DIAMETRO, CONCRETO LANCADO POR CAMINHAO BETONEIRA (EXCLUSIVE FERRAGENS, MOBILIZACAO E DESMOBILIZACAO) | F34: M | G34: 510 | H34: 114.66 | I34: 143.32 | J34: 73093.2 | K34: 0.027591806
B35: 2.1.3 | C35: 95577 | D35: SINAPI | E35: MONTAGEM DE ARMADURA DE ESTACAS, DIÂMETRO = 10,0 MM. AF_09/2021_PS | F35: KG | G35: 1043.2 | H35: 10.57 | I35: 13.21 | J35: 13780.67 | K35: 0.0052020376
B36: 2.1.4 | C36: 95583 | D36: SINAPI | E36: MONTAGEM DE ARMADURA TRANSVERSAL DE ESTACAS DE SEÇÃO CIRCULAR, DIÂMETRO = 5,0 MM. AF_09/2021_PS | F36: KG | G36: 405.7 | H36: 15.67 | I36: 19.58 | J36: 7943.6 | K36: 0.0029986137
B37: 2.1.5 | C37: 95601 | D37: SINAPI | E37: ARRASAMENTO MECANICO DE ESTACA DE CONCRETO ARMADO, DIAMETROS DE ATÉ 40 CM. AF_05/2021 | F37: UN | G37: 94 | H37: 17.78 | I37: 22.22 | J37: 2088.68 | K37: 0.00078845165
B38: 2.1.6 | C38: 0601003200 | D38: AGESUL | E38: BOMBEAMENTO, ADENSAMENTO E ACABAMENTO DE CONCRETO | F38: m³ | G38: 64 | H38: 90.56 | I38: 113.2 | J38: 7244.8 | K38: 0.0027348251
B39: 2.1.7 | C39: CPU2532 | D39: Próprio | E39: CONTROLE TECNOLOGICO DE CONCRETOS | F39: m³ | G39: 64 | H39: 103.02 | I39: 128.77 | J39: 8241.28 | K39: 0.0031109844
B40: 2.2 | E40: BLOCOS | G40: 1 | I40: 75994.35 | J40: 75994.35 | K40: 0.028686956
B41: 2.2.1 | C41: 96523 | D41: SINAPI | E41: ESCAVAÇÃO MANUAL PARA BLOCO DE COROAMENTO OU SAPATA (INCLUINDO ESCAVAÇÃO PARA COLOCAÇÃO DE FÔRMAS). AF_01/2024 | F41: m³ | G41: 39.16 | H41: 94.07 | I41: 117.58 | J41: 4604.43 | K41: 0.0017381171
B42: 2.2.2 | C42: 96534 | D42: SINAPI | E42: FABRICAÇÃO, MONTAGEM E DESMONTAGEM DE FÔRMA PARA BLOCO DE COROAMENTO, EM MADEIRA SERRADA, E=25 MM, 4 UTILIZAÇÕES. AF_01/2024 | F42: m² | G42: 172 | H42: 71.72 | I42: 89.65 | J42: 15419.8 | K42: 0.0058207896
B43: 2.2.3 | C43: ELMT COMP - 1041 | D43: Próprio | E43: LASTRO COM MATERIAL GRANULAR, APLICAÇÃO EM VIGA BALDRAME, ESPESSURA DE *5 CM*. | F43: m³ | G43: 2.9815956 | H43: 221.05 | I43: 276.31 | J43: 823.84 | K43: 0.00031098972
B44: 2.2.4 | C44: 96543 | D44: SINAPI | E44: ARMAÇÃO DE BLOCO UTILIZANDO AÇO CA-60 DE 5 MM - MONTAGEM. AF_01/2024 | F44: KG | G44: 359.6 | H44: 19.52 | I44: 24.4 | J44: 8774.24 | K44: 0.0033121704
B45: 2.2.5 | C45: 96545 | D45: SINAPI | E45: ARMAÇÃO DE BLOCO UTILIZANDO AÇO CA-50 DE 8 MM - MONTAGEM. AF_01/2024 | F45: KG | G45: 13.2 | H45: 15.79 | I45: 19.73 | J45: 260.43 | K45: 9.8309201e-05
B46: 2.2.6 | C46: 96546 | D46: SINAPI | E46: ARMAÇÃO DE BLOCO UTILIZANDO AÇO CA-50 DE 10 MM - MONTAGEM. AF_01/2024 | F46: KG | G46: 175.8 | H46: 13.8 | I46: 17.25 | J46: 3032.55 | K46: 0.0011447513
B47: 2.2.7 | C47: 104920 | D47: SINAPI | E47: ARMAÇÃO DE BLOCO, SAPATA ISOLADA, VIGA BALDRAME E SAPATA CORRIDA UTILIZANDO AÇO CA-50 DE 12,5 MM - MONTAGEM. AF_01/2024 | F47: KG | G47: 63.1 | H47: 10.63 | I47: 13.28 | J47: 837.96 | K47: 0.00031631985
B48: 2.2.8 | C48: ELMT COMP 804 | D48: Próprio | E48: CONCRETAGEM DE BLOCO DE COROAMENTO OU VIGA BALDRAME, FCK 25 MPA, COM USO DE BOMBA - LANÇAMENTO, ADENSAMENTO E ACABAMENTO. | F48: m³ | G48: 39.16 | H48: 759.93 | I48: 949.91 | J48: 37198.47 | K48: 0.014041976
B49: 2.2.9 | C49: CPU2532 | D49: Próprio | E49: CONTROLE TECNOLOGICO DE CONCRETOS | F49: m³ | G49: 39.16 | H49: 103.02 | I49: 128.77 | J49: 5042.63 | K49: 0.0019035323
B50: 2.3 | E50: VIGAS BALDRAME | G50: 1 | I50: 60703.21 | J50: 60703.21 | K50: 0.022914734
B51: 2.3.1 | C51: 96527 | D51: SINAPI | E51: ESCAVAÇÃO MANUAL PARA VIGA BALDRAME OU SAPATA CORRIDA (INCLUINDO ESCAVAÇÃO PARA COLOCAÇÃO DE FÔRMAS). AF_01/2024 | F51: m³ | G51: 19.31 | H51: 103.55 | I51: 129.43 | J51: 2499.29 | K51: 0.000943452
B52: 2.3.2 | C52: 96536 | D52: SINAPI | E52: FABRICAÇÃO, MONTAGEM E DESMONTAGEM DE FÔRMA PARA VIGA BALDRAME, EM MADEIRA SERRADA, E=25 MM, 4 UTILIZAÇÕES. AF_01/2024 | F52: m² | G52: 258.16 | H52: 62.22 | I52: 77.77 | J52: 20077.1 | K52: 0.0075788644
B53: 2.3.3 | C53: 104916 | D53: SINAPI | E53: ARMAÇÃO DE SAPATA ISOLADA, VIGA BALDRAME E SAPATA CORRIDA UTILIZANDO AÇO CA-60 DE 5 MM - MONTAGEM. AF_01/2024 | F53: KG | G53: 294.4 | H53: 16.4 | I53: 20.5 | J53: 6035.2 | K53: 0.0022782156
B54: 2.3.4 | C54: 104917 | D54: SINAPI | E54: ARMAÇÃO DE SAPATA ISOLADA, VIGA BALDRAME E SAPATA CORRIDA UTILIZANDO AÇO CA-50 DE 6,3 MM - MONTAGEM. AF_01/2024 | F54: KG | G54: 4.4 | H54: 15.22 | I54: 19.02 | J54: 83.68 | K54: 3.1588196e-05
B55: 2.3.5 | C55: 104919 | D55: SINAPI | E55: ARMAÇÃO DE SAPATA ISOLADA, VIGA BALDRAME E SAPATA CORRIDA UTILIZANDO AÇO CA-50 DE 10 MM - MONTAGEM. AF_01/2024 | F55: KG | G55: 436.8 | H55: 12.54 | I55: 15.67 | J55: 6844.65 | K55: 0.0025837733
B56: 2.3.6 | C56: 104918 | D56: SINAPI | E56: ARMAÇÃO DE SAPATA ISOLADA, VIGA BALDRAME E SAPATA CORRIDA UTILIZANDO AÇO CA-50 DE 8 MM - MONTAGEM. AF_01/2024 | F56: KG | G56: 133.7 | H56: 14.08 | I56: 17.6 | J56: 2353.12 | K56: 0.00088827458
B57: 2.3.7 | C57: 104920 | D57: SINAPI | E57: ARMAÇÃO DE BLOCO, SAPATA ISOLADA, VIGA BALDRAME E SAPATA CORRIDA UTILIZANDO AÇO CA-50 DE 12,5 MM - MONTAGEM. AF_01/2024 | F57: KG | G57: 353.5 | H57: 10.63 | I57: 13.28 | J57: 4694.48 | K57: 0.0017721099
B58: 2.3.8 | C58: 104921 | D58: SINAPI | E58: ARMAÇÃO DE BLOCO, SAPATA ISOLADA, VIGA BALDRAME E SAPATA CORRIDA UTILIZANDO AÇO CA-50 DE 16 MM - MONTAGEM. AF_01/2024 | F58: KG | G58: 207.2 | H58: 10.01 | I58: 12.51 | J58: 2592.07 | K58: 0.00097847534
B59: 2.3.9 | C59: CPU2532 | D59: Próprio | E59: CONTROLE TECNOLOGICO DE CONCRETOS | F59: m³ | G59: 19.31 | H59: 103.02 | I59: 128.77 | J59: 2486.54 | K59: 0.00093863903
B60: 2.3.10 | C60: 98557 | D60: SINAPI | E60: IMPERMEABILIZAÇÃO DE SUPERFÍCIE COM EMULSÃO ASFÁLTICA, 2 DEMÃOS. AF_09/2023 | F60: m² | G60: 258.16 | H60: 40.4 | I60: 50.5 | J60: 13037.08 | K60: 0.0049213413
B61: 3 | E61: ESTRUTURA | G61: 1 | I61: 261481.5 | J61: 261481.5 | K61: 0.09870613
B62: 3.1 | E62: PILARES | G62: 1 | I62: 52404.64 | J62: 52404.64 | K62: 0.019782123
B63: 3.1.1 | C63: 92423 | D63: SINAPI | E63: MONTAGEM E DESMONTAGEM DE FÔRMA DE PILARES RETANGULARES E ESTRUTURAS SIMILARES, PÉ-DIREITO SIMPLES, EM CHAPA DE MADEIRA COMPENSADA RESINADA, 6 UTILIZAÇÕES. AF_09/2020 | F63: m² | G63: 231.1 | H63: 78.3 | I63: 97.87 | J63: 22617.75 | K63: 0.0085379293
B64: 3.1.2 | C64: 92762 | D64: SINAPI | E64: ARMAÇÃO DE PILAR OU VIGA DE ESTRUTURA CONVENCIONAL DE CONCRETO ARMADO UTILIZANDO AÇO CA-50 DE 10,0 MM - MONTAGEM. AF_06/2022 | F64: KG | G64: 584.9 | H64: 10.91 | I64: 13.63 | J64: 7972.18 | K64: 0.0030094023
B65: 3.1.3 | C65: 92763 | D65: SINAPI | E65: ARMAÇÃO DE PILAR OU VIGA DE ESTRUTURA CONVENCIONAL DE CONCRETO ARMADO UTILIZANDO AÇO CA-50 DE 12,5 MM - MONTAGEM. AF_06/2022 | F65: KG | G65: 151.3 | H65: 9.16 | I65: 11.45 | J65: 1732.38 | K65: 0.00065395267
B66: 3.1.4 | C66: 92759 | D66: SINAPI | E66: ARMAÇÃO DE PILAR OU VIGA DE ESTRUTURA CONVENCIONAL DE CONCRETO ARMADO UTILIZANDO AÇO CA-60 DE 5,0 MM - MONTAGEM. AF_06/2022 | F66: KG | G66: 310.8 | H66: 13.85 | I66: 17.31 | J66: 5379.94 | K66: 0.0020308628
B67: 3.1.5 | C67: CPU2284 | D67: Próprio | E67: CONCRETAGEM DE PILARES, FCK = 30 MPA, COM USO DE BOMBA - LANÇAMENTO, ADENSAMENTO E ACABAMENTO. AF_02/2022_PS | F67: m³ | G67: 14.2 | H67: 725.29 | I67: 906.61 | J67: 12873.86 | K67: 0.0048597277
B68: 3.1.6 | C68: CPU2532 | D68: Próprio | E68: CONTROLE TECNOLOGICO DE CONCRETOS | F68: m³ | G68: 14.2 | H68: 103.02 | I68: 128.77 | J68: 1828.53 | K68: 0.00069024814
B69: 3.2 | E69: VIGAS | G69: 1 | I69: 87641.05 | J69: 87641.05 | K69: 0.033083445
B70: 3.2.1 | C70: 92460 | D70: SINAPI | E70: MONTAGEM E DESMONTAGEM DE FÔRMA DE VIGA, ESCORAMENTO METÁLICO, PÉ-DIREITO SIMPLES, EM CHAPA DE MADEIRA RESINADA, 6 UTILIZAÇÕES. AF_09/2020 | F70: m² | G70: 205.1 | H70: 141.66 | I70: 177.07 | J70: 36317.05 | K70: 0.013709251
B71: 3.2.2 | C71: 92760 | D71: SINAPI | E71: ARMAÇÃO DE PILAR OU VIGA DE ESTRUTURA CONVENCIONAL DE CONCRETO ARMADO UTILIZANDO AÇO CA-50 DE 6,3 MM - MONTAGEM. AF_06/2022 | F71: KG | G71: 54.6 | H71: 13.06 | I71: 16.32 | J71: 891.07 | K71: 0.00033636824
B72: 3.2.3 | C72: 92761 | D72: SINAPI | E72: ARMAÇÃO DE PILAR OU VIGA DE ESTRUTURA CONVENCIONAL DE CONCRETO ARMADO UTILIZANDO AÇO CA-50 DE 8,0 MM - MONTAGEM. AF_06/2022 | F72: KG | G72: 296.7 | H72: 12.23 | I72: 15.28 | J72: 4533.57 | K72: 0.0017113683
B73: 3.2.4 | C73: 92762 | D73: SINAPI | E73: ARMAÇÃO DE PILAR OU VIGA DE ESTRUTURA CONVENCIONAL DE CONCRETO ARMADO UTILIZANDO AÇO CA-50 DE 10,0 MM - MONTAGEM. AF_06/2022 | F73: KG | G73: 370 | H73: 10.91 | I73: 13.63 | J73: 5043.1 | K73: 0.0019037098
B74: 3.2.5 | C74: 92763 | D74: SINAPI | E74: ARMAÇÃO DE PILAR OU VIGA DE ESTRUTURA CONVENCIONAL DE CONCRETO ARMADO UTILIZANDO AÇO CA-50 DE 12,5 MM - MONTAGEM. AF_06/2022 | F74: KG | G74: 545.5 | H74: 9.16 | I74: 11.45 | J74: 6245.97 | K74: 0.0023577788
B75: 3.2.6 | C75: 92764 | D75: SINAPI | E75: ARMAÇÃO DE PILAR OU VIGA DE ESTRUTURA CONVENCIONAL DE CONCRETO ARMADO UTILIZANDO AÇO CA-50 DE 16,0 MM - MONTAGEM. AF_06/2022 | F75: KG | G75: 467.8 | H75: 8.86 | I75: 11.07 | J75: 5178.54 | K75: 0.0019548367
B76: 3.2.7 | C76: 92759 | D76: SINAPI | E76: ARMAÇÃO DE PILAR OU VIGA DE ESTRUTURA CONVENCIONAL DE CONCRETO ARMADO UTILIZANDO AÇO CA-60 DE 5,0 MM - MONTAGEM. AF_06/2022 | F76: KG | G76: 311.8 | H76: 13.85 | I76: 17.31 | J76: 5397.25 | K76: 0.0020373971
B77: 3.2.8 | C77: CPU2283 | D77: Próprio | E77: CONCRETAGEM DE VIGAS E LAJES, FCK=30 MPA, PARA LAJES MACIÇAS OU NERVURADAS COM USO DE BOMBA - LANÇAMENTO, ADENSAMENTO E ACABAMENTO. | F77: m³ | G77: 23.2 | H77: 725.76 | I77: 907.2 | J77: 21047.04 | K77: 0.0079450052
B78: 3.2.9 | C78: CPU2532 | D78: Próprio | E78: CONTROLE TECNOLOGICO DE CONCRETOS | F78: m³ | G78: 23.2 | H78: 103.02 | I78: 128.77 | J78: 2987.46 | K78: 0.0011277303
B79: 3.3 | E79: LAJES | G79: 1 | I79: 119354.69 | J79: 119354.69 | K79: 0.045054964
B80: 3.3.1 | C80: 92768 | D80: SINAPI | E80: ARMAÇÃO DE LAJE DE ESTRUTURA CONVENCIONAL DE CONCRETO ARMADO UTILIZANDO AÇO CA-60 DE 5,0 MM - MONTAGEM. AF_06/2022 | F80: KG | G80: 429.2 | H80: 13.34 | I80: 16.67 | J80: 7154.76 | K80: 0.0027008361
B81: 3.3.2 | C81: 92769 | D81: SINAPI | E81: ARMAÇÃO DE LAJE DE ESTRUTURA CONVENCIONAL DE CONCRETO ARMADO UTILIZANDO AÇO CA-50 DE 6,3 MM - MONTAGEM. AF_06/2022 | F81: KG | G81: 128.4 | H81: 12.55 | I81: 15.68 | J81: 2013.31 | K81: 0.00076000038
B82: 3.3.3 | C82: 92770 | D82: SINAPI | E82: ARMAÇÃO DE LAJE DE ESTRUTURA CONVENCIONAL DE CONCRETO ARMADO UTILIZANDO AÇO CA-50 DE 8,0 MM - MONTAGEM. AF_06/2022 | F82: KG | G82: 70.1 | H82: 11.75 | I82: 14.68 | J82: 1029.06 | K82: 0.00038845781
B83: 3.3.4 | C83: 92771 | D83: SINAPI | E83: ARMAÇÃO DE LAJE DE ESTRUTURA CONVENCIONAL DE CONCRETO ARMADO UTILIZANDO AÇO CA-50 DE 10,0 MM - MONTAGEM. AF_06/2022 | F83: KG | G83: 126 | H83: 10.46 | I83: 13.07 | J83: 1646.82 | K83: 0.0006216548
B84: 3.3.5 | C84: 92772 | D84: SINAPI | E84: ARMAÇÃO DE LAJE DE ESTRUTURA CONVENCIONAL DE CONCRETO ARMADO UTILIZANDO AÇO CA-50 DE 12,5 MM - MONTAGEM. AF_06/2022 | F84: KG | G84: 252.4 | H84: 8.76 | I84: 10.95 | J84: 2763.78 | K84: 0.0010432938
B85: 3.3.6 | C85: CPU2283 | D85: Próprio | E85: CONCRETAGEM DE VIGAS E LAJES, FCK=30 MPA, PARA LAJES MACIÇAS OU NERVURADAS COM USO DE BOMBA - LANÇAMENTO, ADENSAMENTO E ACABAMENTO. | F85: m³ | G85: 34.7 | H85: 725.76 | I85: 907.2 | J85: 31479.84 | K85: 0.011883262
B86: 3.3.7 | C86: CPU2532 | D86: Próprio | E86: CONTROLE TECNOLOGICO DE CONCRETOS | F86: m³ | G86: 34.7 | H86: 103.02 | I86: 128.77 | J86: 4468.31 | K86: 0.0016867334
B87: 3.3.8 | C87: CPU2100 | D87: Próprio | E87: Laje pré-fabricada unidirecional em viga treliçada/lajota em EPS LT 16 (12 + 4), exceto capa de concreto | F87: m² | G87: 539.41 | H87: 28.21 | I87: 35.26 | J87: 19019.59 | K87: 0.0071796671
B88: 3.3.9 | C88: CPU2534 | D88: Próprio | E88: FORNECIMENTO E INSTALAÇÃO DE TELA AÇO SOLDADA NERVURADA CA-60, MALHA 20X20CM,FERRO 3.4MM, PAINEL 2X3M, (0,72KG/M²), MALHA POP LEVE GERDAU OU SIMILAR | F88: m² | G88: 631.11 | H88: 15.14 | I88: 18.92 | J88: 11940.6 | K88: 0.0045074333
B89: 3.3.10 | C89: 101792 | D89: SINAPI | E89: ESCORAMENTO DE FÔRMAS DE LAJE EM MADEIRA NÃO APARELHADA, PÉ-DIREITO SIMPLES, INCLUSO TRAVAMENTO, 4 UTILIZAÇÕES. AF_09/2020 | F89: m³ | G89: 1914.91 | H89: 15.81 | I89: 19.76 | J89: 37838.62 | K89: 0.014283625
B90: 3.4 | E90: BASE RESERVATÓRIO | G90: 1 | I90: 2081.12 | J90: 2081.12 | K90: 0.00078559784
B91: 3.4.1 | C91: 97103 | D91: SINAPI | E91: EXECUÇÃO DE RADIER, ESPESSURA DE 20 CM, FCK = 30 MPA, COM USO DE FORMAS EM MADEIRA SERRADA. AF_09/2021 | F91: m² | G91: 6.25 | H91: 266.39 | I91: 332.98 | J91: 2081.12 | K91: 0.00078559784
B92: 4 | E92: ALVENARIA, VEDAÇÕES E DIVISÓRIAS | G92: 1 | I92: 205573.09 | J92: 205573.09 | K92: 0.077601376
B93: 4.1 | E93: ALVENARIA DE VEDAÇÃO | G93: 1 | I93: 131069.52 | J93: 131069.52 | K93: 0.049477172
B94: 4.1.1 | C94: 103324 | D94: SINAPI | E94: ALVENARIA DE VEDAÇÃO DE BLOCOS CERÂMICOS FURADOS NA VERTICAL DE 14X19X39 CM (ESPESSURA 14 CM) E ARGAMASSA DE ASSENTAMENTO COM PREPARO EM BETONEIRA. AF_12/2021 | F94: m² | G94: 888.77 | H94: 81.87 | I94: 102.33 | J94: 90947.83 | K94: 0.034331715
B95: 4.1.2 | C95: CPU2535 | D95: Próprio | E95: COBOGO DE CIMENTO (ELEMENTO VAZADO, CIRCULAR), 30 X 30 X 5CM, ASSENTADO COM ARGAMASSA DE CIMENTO E AREIA | F95: m² | G95: 76.23 | H95: 222.47 | I95: 278.08 | J95: 21198.03 | K95: 0.0080020021
B96: 4.1.3 | C96: 93191 | D96: SINAPI | E96: VERGA MOLDADA IN LOCO COM UTILIZAÇÃO DE BLOCOS CANALETA, ESPESSURA DE *20* CM. AF_03/2024 | F96: M | G96: 114.15 | H96: 69.89 | I96: 87.36 | J96: 9972.14 | K96: 0.0037643632
B97: 4.1.4 | C97: 93199 | D97: SINAPI | E97: CONTRAVERGA MOLDADA IN LOCO COM UTILIZAÇÃO DE BLOCOS CANALETA, ESPESSURA DE *20* CM. AF_03/2024 | F97: M | G97: 48.8 | H97: 49.98 | I97: 62.47 | J97: 3048.53 | K97: 0.0011507835
B98: 4.1.5 | C98: 93200 | D98: SINAPI | E98: FIXAÇÃO (ENCUNHAMENTO) DE ALVENARIA DE VEDAÇÃO COM ARGAMASSA APLICADA COM BISNAGA. AF_03/2024 | F98: M | G98: 416.29 | H98: 11.35 | I98: 14.18 | J98: 5902.99 | K98: 0.0022283079
B99: 4.2 | E99: DRYWALL | G99: 1 | I99: 58606.97 | J99: 58606.97 | K99: 0.022123428
B100: 4.2.1 | C100: CPU1942 | D100: Próprio | E100: PAREDE COM SISTEMA EM CHAPAS DE GESSO RU PARA DRYWALL, USO INTERNO, COM DUAS FACES SIMPLES E ESTRUTURA METÁLICA COM GUIAS SIMPLES PARA PAREDES COM ÁREA LÍQUIDA MAIOR OU IGUAL A 6 M2, COM VÃOS. AF_07/2023_PS | F100: m² | G100: 107.07 | H100: 112.06 | I100: 140.07 | J100: 14997.29 | K100: 0.0056612971
B101: 4.2.2 | C101: CPU2286 | D101: Próprio | E101: PAREDE COM SISTEMA EM CHAPAS DE GESSO RU PARA DRYWALL COM ISOLAMENTO ACUSTICO, USO INTERNO, COM DUAS FACES SIMPLES E ESTRUTURA METÁLICA COM GUIAS SIMPLES PARA PAREDES COM ÁREA LÍQUIDA MAIOR OU IGUAL A 6 M2, COM VÃOS. | F101: m² | G101: 91.66 | H101: 180.95 | I101: 226.18 | J101: 20731.65 | K101: 0.0078259492
B102: 4.2.3 | C102: CPU2520 | D102: Próprio | E102: PAREDE COM SISTEMA EM CHAPAS DE GESSO RU PARA DRYWALL COM ISOLAMENTO ACUSTICO, USO INTERNO, COM DUAS FACES DUPLAS E ESTRUTURA METÁLICA COM GUIAS DUPLAS PARA PAREDES COM ÁREA LÍQUIDA MAIOR OU IGUAL A 6 M2, COM VÃOS. | F102: m² | G102: 10.56 | H102: 282.55 | I102: 353.18 | J102: 3729.58 | K102: 0.0014078717
B103: 4.2.4 | C103: CPU2522 | D103: Próprio | E103: PAREDE COM SISTEMA EM CHAPAS DE GESSO ST PARA DRYWALL COM ISOLAMENTO ACUSTICO, USO INTERNO, COM DUAS FACES DUPLAS E ESTRUTURA METÁLICA COM GUIAS DUPLAS PARA PAREDES COM ÁREA LÍQUIDA MAIOR OU IGUAL A 6 M2, COM VÃOS. | F103: m² | G103: 50.5 | H103: 255.59 | I103: 319.48 | J103: 16133.74 | K103: 0.0060902933
B104: 4.2.5 | C104: 96374 | D104: SINAPI | E104: INSTALAÇÃO DE REFORÇO DE MADEIRA EM PAREDE DRYWALL. AF_07/2023 | F104: M | G104: 77.94 | H104: 30.95 | I104: 38.68 | J104: 3014.71 | K104: 0.0011380169
...

Sheet 3 - Composições
D3: ='1 - Orçamento Resumido'!E2 -> PREFEITURA MUNICIPAL DE JARDIM | G3: BANCOS:
D4: ='1 - Orçamento Resumido'!E3 -> RUA CORONEL JUVÊNCIO, Nº 547 | F4: ENCARGOS SOCIAIS | G4: ='1 - Orçamento Resumido'!H3 -> SINAP 09/2025 - MS | I4: ='1 - Orçamento Resumido'!I3 -> SBC 10/2025
D5: ='1 - Orçamento Resumido'!E4 -> CNPJ: 03.162.047/0001-40 | F5: ='1 - Orçamento Resumido'!G4 -> SEM DESONERAÇÃO | G5: ='1 - Orçamento Resumido'!H4 -> AGESUL 06/2025 | I5: ='1 - Orçamento Resumido'!I4 -> SEINFRA 028
D6: {='1 - Orçamento Resumido'!E5:F6} -> OBRA: CONSTRUÇÃO DO CENTRO DE ATENÇÃO PSICOSSOCIAL I E II | E6: 0 | G6: ='1 - Orçamento Resumido'!H5 -> ORSE 08/2025 | I6: ='1 - Orçamento Resumido'!I5 -> IOPS 07/2025
D7: 0 | E7: 0 | F7: ='1 - Orçamento Resumido'!G6 -> HORISTA: 107,52% | G7: ='1 - Orçamento Resumido'!H6 -> CPOS 09/2025 | I7: ='1 - Orçamento Resumido'!I6 -> EMOP 09/2025
D8: {='1 - Orçamento Resumido'!E7:F7} -> LOCAL: RUA JOSÉ DE ALENCAR, ESQ. C/ RUA DÁLIA BERNADINO DA SILVA, JARDIM/MS | E8: 0 | F8: ='1 - Orçamento Resumido'!G7 -> MENSALISTA: 64,8% | G8: ='1 - Orçamento Resumido'!H7 -> AGETOP 06/2025 | I8: ='1 - Orçamento Resumido'!I7 -> BDI: 25,00%
B10: COMPOSIÇÕES COM PREÇO UNITÁRIO
B12: ITEM | C12: CÓDIGO | D12: BANCO | E12: DESCRIÇÃO | F12: TIPO | H12: UND | I12: QUANT | J12: VALOR UNIT | K12: TOTAL
B14: 1.1.1 | C14: Código | D14: Banco | E14: Descrição | F14: Tipo | H14: Und | I14: Quant. | J14: Valor Unit | K14: Total
B15: Composição | C15: CPU2526 | D15: Próprio | E15: LOCAÇÃO DE CONTAINER TIPO DEPÓSITO - ÁREA MÍNIMA DE 13,80 M2 | F15: SEDI - SERVIÇOS DIVERSOS | H15: UNXMÊS | I15: 1 | J15: 88.07 | K15: 88.07
B16: Composição Auxiliar | C16: 88247 | D16: SINAPI | E16: AUXILIAR DE ELETRICISTA COM ENCARGOS COMPLEMENTARES | F16: Livro SINAPI: Cálculos e Parâmetros | H16: H | I16: 1.32 | J16: 22.69 | K16: 29.95
B17: Composição Auxiliar | C17: 88264 | D17: SINAPI | E17: ELETRICISTA COM ENCARGOS COMPLEMENTARES | F17: Livro SINAPI: Cálculos e Parâmetros | H17: H | I17: 0.99 | J17: 29.75 | K17: 29.45
B18: Composição Auxiliar | C18: 88316 | D18: SINAPI | E18: SERVENTE COM ENCARGOS COMPLEMENTARES | F18: Livro SINAPI: Cálculos e Parâmetros | H18: H | I18: 1.32 | J18: 21.72 | K18: 28.67
F19: MO sem LS => | G19: 31.57 | H19: LS => | I19: 33.96 | J19: MO com LS => | K19: 65.53
F20: Valor do BDI => | G20: 22.01 | I20: Valor com BDI => | K20: 110.08
B22: 1.1.2 | C22: Código | D22: Banco | E22: Descrição | F22: Tipo | H22: Und | I22: Quant. | J22: Valor Unit | K22: Total
B23: Composição | C23: CPU2527 | D23: Próprio | E23: BARRACÃO ABERTO PARA APOIO À PRODUÇÃO (CARPINTARIA, CENTRAL DE ARMAÇÃO, OFICINA, ETC.) C/ TESOURAS, TELHA 4MM, PISO EM CONCRETO DESEMPOLADO | F23: SEDI - SERVIÇOS DIVERSOS | H23: m² | I23: 1 | J23: 233.28 | K23: 233.28
B24: Composição Auxiliar | C24: 97083 | D24: SINAPI | E24: COMPACTAÇÃO MECÂNICA DE SOLO PARA EXECUÇÃO DE RADIER, PISO DE CONCRETO OU LAJE SOBRE SOLO, COM COMPACTADOR DE SOLOS A PERCUSSÃO. AF_09/2021 | F24: Radier, Piso de Concreto e Laje sobre Solo | H24: m² | I24: 1 | J24: 3.32 | K24: 3.32
B25: Composição Auxiliar | C25: 100382 | D25: SINAPI | E25: FABRICAÇÃO E INSTALAÇÃO DE PONTALETES DE MADEIRA NÃO APARELHADA PARA TELHADOS COM ATÉ 2 ÁGUAS E COM TELHA ONDULADA DE FIBROCIMENTO, ALUMÍNIO OU PLÁSTICA EM EDIFÍCIO RESIDENCIAL TÉRREO, INCLUSO TRANSPORTE VERTICAL. AF_07/2019 | F25: Estrutura e Trama para Cobertura | H25: m² | I25: 1 | J25: 24.25 | K25: 24.25
B26: Composição Auxiliar | C26: 92562 | D26: SINAPI | E26: FABRICAÇÃO E INSTALAÇÃO DE TESOURA INTEIRA EM MADEIRA NÃO APARELHADA, VÃO DE 10 M, PARA TELHA ONDULADA DE FIBROCIMENTO, METÁLICA, PLÁSTICA OU TERMOACÚSTICA, INCLUSO IÇAMENTO. AF_07/2019 | F26: Estrutura e Trama para Cobertura | H26: UN | I26: 0.03 | J26: 2524.62 | K26: 75.73
B27: Composição Auxiliar | C27: 101747 | D27: SINAPI | E27: PISO EM CONCRETO 20 MPA PREPARO MECÂNICO, ESPESSURA 7CM. AF_09/2020 | F27: Pisos | H27: m² | I27: 1 | J27: 83.26 | K27: 83.26
B28: Composição Auxiliar | C28: 94207 | D28: SINAPI | E28: TELHAMENTO COM TELHA ONDULADA DE FIBROCIMENTO E = 6 MM, COM RECOBRIMENTO LATERAL DE 1/4 DE ONDA PARA TELHADO COM INCLINAÇÃO MAIOR QUE 10°, COM ATÉ 2 ÁGUAS, INCLUSO IÇAMENTO. AF_07/2019 | F28: Telhamento para Cobertura | H28: m² | I28: 1 | J28: 46.72 | K28: 46.72
F29: MO sem LS => | G29: 17.42 | H29: LS => | I29: 18.73 | J29: MO com LS => | K29: 36.15
F30: Valor do BDI => | G30: 58.32 | I30: Valor com BDI => | K30: 291.6
B32: 1.1.3 | C32: Código | D32: Banco | E32: Descrição | F32: Tipo | H32: Und | I32: Quant. | J32: Valor Unit | K32: Total
B33: Composição | C33: CPU2528 | D33: Próprio | E33: LOCAÇÃO DE CONTAINER - BANHEIRO COM CHUVEIROS E VASOS - 4,30 X 2,30M | F33: SEDI - SERVIÇOS DIVERSOS | H33: MÊS | I33: 1 | J33: 962.26 | K33: 962.26
B34: Insumo | C34: 00010777 | D34: SINAPI | E34: LOCACAO DE CONTAINER 2,30 X 4,30 M, ALT. 2,50 M, PARA SANITARIO, COM 3 BACIAS, 4 CHUVEIROS, 1 LAVATORIO E 1 MICTORIO (NAO INCLUI MOBILIZACAO/DESMOBILIZACAO) | F34: Equipamento | H34: MES | I34: 1 | J34: 962.26 | K34: 962.26
F35: MO sem LS => | G35: 0 | H35: LS => | I35: 0 | J35: MO com LS => | K35: 0
F36: Valor do BDI => | G36: 240.56 | I36: Valor com BDI => | K36: 1202.82
B38: 1.1.4 | C38: Código | D38: Banco | E38: Descrição | F38: Tipo | H38: Und | I38: Quant. | J38: Valor Unit | K38: Total
B39: Composição | C39: CPU2529 | D39: Próprio | E39: BARRACAO PARA REFEITORIO EM OBRAS EM COMPENSADO | F39: SEDI - SERVIÇOS DIVERSOS | H39: m² | I39: 1 | J39: 1028.55 | K39: 1028.55
B40: Composição Auxiliar | C40: 88316 | D40: SINAPI | E40: SERVENTE COM ENCARGOS COMPLEMENTARES | F40: Livro SINAPI: Cálculos e Parâmetros | H40: H | I40: 13.053 | J40: 21.72 | K40: 283.51
B41: Composição Auxiliar | C41: 88262 | D41: SINAPI | E41: CARPINTEIRO DE FORMAS COM ENCARGOS COMPLEMENTARES | F41: Livro SINAPI: Cálculos e Parâmetros | H41: H | I41: 8.419 | J41: 26.69 | K41: 224.7
B42: Composição Auxiliar | C42: 88239 | D42: SINAPI | E42: AJUDANTE DE CARPINTEIRO COM ENCARGOS COMPLEMENTARES | F42: Livro SINAPI: Cálculos e Parâmetros | H42: H | I42: 12.075 | J42: 22.08 | K42: 266.61
B43: Insumo | C43: 00004491 | D43: SINAPI | E43: PONTALETE *7,5 X 7,5* CM EM PINUS, MISTA OU EQUIVALENTE DA REGIAO - BRUTA | F43: Material | H43: M | I43: 10.12 | J43: 7.04 | K43: 71.24
B44: Insumo | C44: 00020205 | D44: SINAPI | E44: RIPA APARELHADA *1,5 X 5* CM, EM MACARANDUBA/MASSARANDUBA, ANGELIM OU EQUIVALENTE DA REGIAO | F44: Material | H44: M | I44: 4.949 | J44: 3.5 | K44: 17.32
B45: Insumo | C45: 00007213 | D45: SINAPI | E45: TELHA DE FIBROCIMENTO ONDULADA E = 4 MM, DE 2,44 X 0,50 M (SEM AMIANTO) | F45: Material | H45: m² | I45: 0.84 | J45: 19.13 | K45: 16.06
B46: Insumo | C46: 00043614 | D46: SINAPI | E46: TABUA NAO APARELHADA *2,5 X 15* CM, EM MACARANDUBA/MASSARANDUBA, ANGELIM OU EQUIVALENTE DA REGIAO - BRUTA | F46: Material | H46: M | I46: 6.26 | J46: 15.96 | K46: 99.9
B47: Insumo | C47: 00002420 | D47: SINAPI | E47: DOBRADICA EM ACO/FERRO, 3" X 2 1/2", E= 1,9 A 2 MM, SEM ANEL, CROMADO OU ZINCADO, TAMPA BOLA, COM PARAFUSOS | F47: Material | H47: UN | I47: 0.48 | J47: 16.27 | K47: 7.8
B48: Insumo | C48: 00005068 | D48: SINAPI | E48: PREGO DE ACO POLIDO COM CABECA 17 X 21 (2 X 11) | F48: Material | H48: KG | I48: 0.421 | J48: 19.73 | K48: 8.3
B49: Insumo | C49: 00039027 | D49: SINAPI | E49: PREGO DE ACO POLIDO COM CABECA 19 X 36 (3 1/4 X 9) | F49: Material | H49: KG | I49: 1.68 | J49: 19.71 | K49: 33.11
F50: MO sem LS => | G50: 275.55 | H50: LS => | I50: 296.28 | J50: MO com LS => | K50: 571.83
F51: Valor do BDI => | G51: 257.13 | I51: Valor com BDI => | K51: 1285.68
B53: 1.1.5 | C53: Código | D53: Banco | E53: Descrição | F53: Tipo | H53: Und | I53: Quant. | J53: Valor Unit | K53: Total
B54: Composição | C54: 95648 | D54: SINAPI | E54: KIT CAVALETE PARA MEDIÇÃO DE ÁGUA - ENTRADA INDIVIDUALIZADA, EM CPVC DN 28 MM (1"), PARA 1 MEDIDOR - FORNECIMENTO E INSTALAÇÃO (EXCLUSIVE HIDRÔMETRO). AF_03/2024 | F54: Sistemas de Medição | H54: UN | I54: 1 | J54: 682.72 | K54: 682.72
B55: Composição Auxiliar | C55: 88248 | D55: SINAPI | E55: AUXILIAR DE ENCANADOR OU BOMBEIRO HIDRÁULICO COM ENCARGOS COMPLEMENTARES | F55: Livro SINAPI: Cálculos e Parâmetros | H55: H | I55: 1.6421 | J55: 21.7 | K55: 35.63
B56: Composição Auxiliar | C56: 88267 | D56: SINAPI | E56: ENCANADOR OU BOMBEIRO HIDRÁULICO COM ENCARGOS COMPLEMENTARES | F56: Livro SINAPI: Cálculos e Parâmetros | H56: H | I56: 1.6421 | J56: 26.39 | K56: 43.33
B57: Insumo | C57: 00021114 | D57: SINAPI | E57: ADESIVO PARA TUBOS CPVC, *75* G | F57: Material | H57: UN | I57: 0.98 | J57: 39.26 | K57: 38.47
B58: Insumo | C58: 00038007 | D58: SINAPI | E58: CONECTOR, CPVC, SOLDAVEL, 28 MM X 1", PARA AGUA QUENTE | F58: Material | H58: UN | I58: 2 | J58: 36.15 | K58: 72.3
B59: Insumo | C59: 00021125 | D59: SINAPI | E59: TUBO CPVC, SOLDAVEL, 28 MM, AGUA QUENTE PREDIAL (NBR 15884) | F59: Material | H59: M | I59: 2.9905 | J59: 41.11 | K59: 122.93
B60: Insumo | C60: 00038029 | D60: SINAPI | E60: TUBO CPVC, SOLDAVEL, 54 MM, AGUA QUENTE PREDIAL (NBR 15884) | F60: Material | H60: M | I60: 0.9444 | J60: 105.19 | K60: 99.34
B61: Insumo | C61: 00037957 | D61: SINAPI | E61: JOELHO CPVC, SOLDAVEL, 90 GRAUS, 28 MM, PARA AGUA QUENTE | F61: Material | H61: UN | I61: 2 | J61: 11.62 | K61: 23.24
B62: Insumo | C62: 00037960 | D62: SINAPI | E62: JOELHO CPVC, SOLDAVEL, 90 GRAUS, 54 MM, PARA AGUA QUENTE | F62: Material | H62: UN | I62: 2 | J62: 82.65 | K62: 165.3
B63: Insumo | C63: 00006019 | D63: SINAPI | E63: REGISTRO GAVETA BRUTO EM LATAO FORJADO, BITOLA 1" | F63: Material | H63: UN | I63: 1 | J63: 42.05 | K63: 42.05
B64: Insumo | C64: 00003148 | D64: SINAPI | E64: FITA VEDA ROSCA, EM PTFE, ROLO DE 18 MM X 50 M (L X C) | F64: Material | H64: UN | I64: 0.0132 | J64: 19.88 | K64: 0.26
B65: Insumo | C65: 00044400 | D65: SINAPI | E65: BUCHA DE REDUCAO CPVC, SOLDAVEL, 54 X 28 MM, PARA AGUA QUENTE | F65: Material | H65: UN | I65: 1 | J65: 39.87 | K65: 39.87
F66: MO sem LS => | G66: 29.23 | H66: LS => | I66: 31.43 | J66: MO com LS => | K66: 60.66
F67: Valor do BDI => | G67: 170.68 | I67: Valor com BDI => | K67: 853.4
B69: 1.1.6 | C69: Código | D69: Banco | E69: Descrição | F69: Tipo | H69: Und | I69: Quant. | J69: Valor Unit | K69: Total
B70: Composição | C70: 95673 | D70: SINAPI | E70: HIDRÔMETRO DN 1/2", 1,5 M3/H - FORNECIMENTO E INSTALAÇÃO. AF_03/2024 | F70: Sistemas de Medição | H70: UN | I70: 1 | J70: 130.95 | K70: 130.95
B71: Composição Auxiliar | C71: 88248 | D71: SINAPI | E71: AUXILIAR DE ENCANADOR OU BOMBEIRO HIDRÁULICO COM ENCARGOS COMPLEMENTARES | F71: Livro SINAPI: Cálculos e Parâmetros | H71: H | I71: 0.4315 | J71: 21.7 | K71: 9.36
B72: Composição Auxiliar | C72: 88267 | D72: SINAPI | E72: ENCANADOR OU BOMBEIRO HIDRÁULICO COM ENCARGOS COMPLEMENTARES | F72: Livro SINAPI: Cálculos e Parâmetros | H72: H | I72: 0.4315 | J72: 26.39 | K72: 11.38
B73: Insumo | C73: 00012769 | D73: SINAPI | E73: HIDROMETRO UNIJATO / MEDIDOR DE AGUA, DN 1/2", VAZAO MAXIMA DE 1,5 M3/H, PARA AGUA POTAVEL FRIA, RELOJOARIA PLANA, CLASSE B, HORIZONTAL (SEM CONEXOES) | F73: Material | H73: UN | I73: 1 | J73: 110 | K73: 110
B74: Insumo | C74: 00003148 | D74: SINAPI | E74: FITA VEDA ROSCA, EM PTFE, ROLO DE 18 MM X 50 M (L X C) | F74: Material | H74: UN | I74: 0.0106 | J74: 19.88 | K74: 0.21
F75: MO sem LS => | G75: 7.68 | H75: LS => | I75: 8.26 | J75: MO com LS => | K75: 15.94
F76: Valor do BDI => | G76: 32.73 | I76: Valor com BDI => | K76: 163.68
B78: 1.1.7 | C78: Código | D78: Banco | E78: Descrição | F78: Tipo | H78: Und | I78: Quant. | J78: Valor Unit | K78: Total
B79: Composição | C79: 101509 | D79: SINAPI | E79: ENTRADA DE ENERGIA ELÉTRICA, AÉREA, TRIFÁSICA, COM CAIXA DE EMBUTIR, CABO DE 10 MM2 E DISJUNTOR DIN 50A (NÃO INCLUSO O POSTE DE CONCRETO). AF_07/2020 | F79: Instalações Elétricas - Rede de Distribuição | H79: UN | I79: 1 | J79: 1907.7 | K79: 1907.7
B80: Composição Auxiliar | C80: 91933 | D80: SINAPI | E80: CABO DE COBRE FLEXÍVEL ISOLADO, 10 MM², ANTI-CHAMA 0,6/1,0 KV, PARA CIRCUITOS TERMINAIS - FORNECIMENTO E INSTALAÇÃO. AF_03/2023 | F80: Instalações Elétricas - Eletrodutos Embutidos, Cabos, Caixas, Tomadas e Interruptores | H80: M | I80: 22.2 | J80: 16.62 | K80: 368.96
B81: Composição Auxiliar | C81: 104749 | D81: SINAPI | E81: CONECTOR GRAMPO METÁLICO TIPO OLHAL, PARA SPDA, PARA HASTE DE ATERRAMENTO DE 3/4'' E CABOS DE 10 A 50 MM2 - FORNECIMENTO E INSTALAÇÃO. AF_08/2023 | F81: Sistema de Proteção contra Descargas Atmosféricas - SPDA | H81: UN | I81: 1 | J81: 18.07 | K81: 18.07
B82: Composição Auxiliar | C82: 88247 | D82: SINAPI | E82: AUXILIAR DE ELETRICISTA COM ENCARGOS COMPLEMENTARES | F82: Livro SINAPI: Cálculos e Parâmetros | H82: H | I82: 0.3233 | J82: 22.69 | K82: 7.33
B83: Composição Auxiliar | C83: 87367 | D83: SINAPI | E83: ARGAMASSA TRAÇO 1:1:6 (EM VOLUME DE CIMENTO, CAL E AREIA MÉDIA ÚMIDA) PARA EMBOÇO/MASSA ÚNICA/ASSENTAMENTO DE ALVENARIA DE VEDAÇÃO, PREPARO MANUAL. AF_08/2019 | F83: Argamassas | H83: m³ | I83: 0.0194 | J83: 712.63 | K83: 13.82
B84: Composição Auxiliar | C84: 91885 | D84: SINAPI | E84: LUVA PARA ELETRODUTO, PVC, ROSCÁVEL, DN 32 MM (1"), PARA CIRCUITOS TERMINAIS, INSTALADA EM PAREDE - FORNECIMENTO E INSTALAÇÃO. AF_03/2023 | F84: Instalações Elétricas - Eletrodutos Embutidos, Cabos, Caixas, Tomadas e Interruptores | H84: UN | I84: 1 | J84: 12.69 | K84: 12.69
B85: Composição Auxiliar | C85: 88264 | D85: SINAPI | E85: ELETRICISTA COM ENCARGOS COMPLEMENTARES | F85: Livro SINAPI: Cálculos e Parâmetros | H85: H | I85: 2.9102 | J85: 29.75 | K85: 86.57
B86: Composição Auxiliar | C86: 91917 | D86: SINAPI | E86: CURVA 90 GRAUS PARA ELETRODUTO, PVC, ROSCÁVEL, DN 32 MM (1"), PARA CIRCUITOS TERMINAIS, INSTALADA EM PAREDE - FORNECIMENTO E INSTALAÇÃO. AF_03/2023 | F86: Instalações Elétricas - Eletrodutos Embutidos, Cabos, Caixas, Tomadas e Interruptores | H86: UN | I86: 1 | J86: 20.26 | K86: 20.26
B87: Composição Auxiliar | C87: 96986 | D87: SINAPI | E87: HASTE DE ATERRAMENTO, DIÂMETRO 3/4", COM 3 METROS - FORNECIMENTO E INSTALAÇÃO. AF_08/2023 | F87: Sistema de Proteção contra Descargas Atmosféricas - SPDA | H87: UN | I87: 1 | J87: 100.71 | K87: 100.71
B88: Composição Auxiliar | C88: 100578 | D88: SINAPI | E88: ASSENTAMENTO DE POSTE DE CONCRETO COM COMPRIMENTO NOMINAL DE 9 M, CARGA NOMINAL MENOR OU IGUAL A 1000 DAN, ENGASTAMENTO SIMPLES COM 1,5 M DE SOLO (NÃO INCLUI FORNECIMENTO). AF_04/2025 | F88: Postes de Concreto e Metálicos | H88: UN | I88: 1 | J88: 578.78 | K88: 578.78
B89: Composição Auxiliar | C89: 93673 | D89: SINAPI | E89: DISJUNTOR TRIPOLAR TIPO DIN, CORRENTE NOMINAL DE 50A - FORNECIMENTO E INSTALAÇÃO. AF_07/2025 | F89: Instalações Elétricas - Quadros, Cabos, Disjuntores, Contatores e Barramentos Blindados | H89: UN | I89: 1 | J89: 98.31 | K89: 98.31
B90: Composição Auxiliar | C90: 91872 | D90: SINAPI | E90: ELETRODUTO RÍGIDO ROSCÁVEL, PVC, DN 32 MM (1"), PARA CIRCUITOS TERMINAIS, INSTALADO EM PAREDE - FORNECIMENTO E INSTALAÇÃO. AF_03/2023 | F90: Instalações Elétricas - Eletrodutos Embutidos, Cabos, Caixas, Tomadas e Interruptores | H90: M | I90: 6.05 | J90: 18.73 | K90: 113.31
... B101: Insumo | C101: 00039997 | D101: SINAPI | E101: PORCA ZINCADA, SEXTAVADA, DIAMETRO 1/4" | F101: Material | H101: UN | I101: 2 | J101: 0.34 | K101: 0.68
F102: MO sem LS => | G102: 196.79 | H102: LS => | I102: 211.59 | J102: MO com LS => | K102: 408.38
F103: Valor do BDI => | G103: 476.92 | I103: Valor com BDI => | K103: 2384.62
B105: 1.1.8 | C105: Código | D105: Banco | E105: Descrição | F105: Tipo | H105: Und | I105: Quant. | J105: Valor Unit | K105: Total
B106: Composição | C106: 103689 | D106: SINAPI | E106: FORNECIMENTO E INSTALAÇÃO DE PLACA DE OBRA COM CHAPA GALVANIZADA E ESTRUTURA DE MADEIRA. AF_03/2022_PS | F106: Sinalização Vertical Viária | H106: m² | I106: 1 | J106: 457.25 | K106: 457.25
B107: Composição Auxiliar | C107: 88262 | D107: SINAPI | E107: CARPINTEIRO DE FORMAS COM ENCARGOS COMPLEMENTARES | F107: Livro SINAPI: Cálculos e Parâmetros | H107: H | I107: 0.3729 | J107: 26.69 | K107: 9.95
B108: Composição Auxiliar | C108: 102234 | D108: SINAPI | E108: PINTURA IMUNIZANTE PARA MADEIRA, 2 DEMÃOS. AF_01/2021 | F108: Pintura em Madeira | H108: m² | I108: 0.5 | J108: 21.77 | K108: 10.88
B109: Composição Auxiliar | C109: 88316 | D109: SINAPI | E109: SERVENTE COM ENCARGOS COMPLEMENTARES | F109: Livro SINAPI: Cálculos e Parâmetros | H109: H | I109: 1.1186 | J109: 21.72 | K109: 24.29
B110: Insumo | C110: 00004509 | D110: SINAPI | E110: SARRAFO *2,5 X 10* CM EM PINUS, MISTA OU EQUIVALENTE DA REGIAO - BRUTA | F110: Material | H110: M | I110: 3.2083 | J110: 3.57 | K110: 11.45
B111: Insumo | C111: 00004813 | D111: SINAPI | E111: PLACA DE OBRA (PARA CONSTRUCAO CIVIL) EM CHAPA GALVANIZADA *N. 22*, ADESIVADA, DE *2,4 X 1,2* M (SEM POSTES PARA FIXACAO) | F111: Material | H111: m² | I111: 1 | J111: 400 | K111: 400
B112: Insumo | C112: 00005065 | D112: SINAPI | E112: PREGO DE ACO POLIDO COM CABECA 10 X 10 (7/8 X 17) | F112: Material | H112: KG | I112: 0.0113 | J112: 37.54 | K112: 0.42
B113: Insumo | C113: 00005069 | D113: SINAPI | E113: PREGO DE ACO POLIDO COM CABECA 17 X 27 (2 1/2 X 11) | F113: Material | H113: KG | I113: 0.0132 | J113: 20.11 | K113: 0.26
F114: MO sem LS => | G114: 14.37 | H114: LS => | I114: 15.47 | J114: MO com LS => | K114: 29.84
F115: Valor do BDI => | G115: 114.31 | I115: Valor com BDI => | K115: 571.56
B117: 1.1.9 | C117: Código | D117: Banco | E117: Descrição | F117: Tipo | H117: Und | I117: Quant. | J117: Valor Unit | K117: Total
B118: Composição | C118: CPU2530 | D118: Próprio | E118: REMOÇÃO DE ENTULHO SEPARADO DE OBRA COM CAÇAMBA METÁLICA - TERRA, ALVENARIA, CONCRETO, ARGAMASSA, MADEIRA, PAPEL, PLÁSTICO OU METAL | F118: SEDI - SERVIÇOS DIVERSOS | H118: m³ | I118: 1 | J118: 13.03 | K118: 13.03
B119: Composição Auxiliar | C119: 88316 | D119: SINAPI | E119: SERVENTE COM ENCARGOS COMPLEMENTARES | F119: Livro SINAPI: Cálculos e Parâmetros | H119: H | I119: 0.6 | J119: 21.72 | K119: 13.03
F120: MO sem LS => | G120: 4.5 | H120: LS => | I120: 4.85 | J120: MO com LS => | K120: 9.35
F121: Valor do BDI => | G121: 3.25 | I121: Valor com BDI => | K121: 16.28
B123: 1.1.10 | C123: Código | D123: Banco | E123: Descrição | F123: Tipo | H123: Und | I123: Quant. | J123: Valor Unit | K123: Total
B124: Composição | C124: 98459 | D124: SINAPI | E124: TAPUME COM TELHA METÁLICA. AF_03/2024 | F124: Instalações para Canteiros de Obras | H124: m² | I124: 1 | J124: 80.88 | K124: 80.88
...

Sheet 4 -Cronograma Físico Financeiro
C2: ='1 - Orçamento Resumido'!E2 -> PREFEITURA MUNICIPAL DE JARDIM
C3: ='1 - Orçamento Resumido'!E3 -> RUA CORONEL JUVÊNCIO, Nº 547 | H3: ENCARGOS SOCIAIS | L3: BANCOS:
C4: ='1 - Orçamento Resumido'!E4 -> CNPJ: 03.162.047/0001-40 | H4: ='1 - Orçamento Resumido'!G4 -> SEM DESONERAÇÃO | L4: ='1 - Orçamento Resumido'!H3 -> SINAP 09/2025 - MS | N4: ='1 - Orçamento Resumido'!I3 -> SBC 10/2025
C5: {='1 - Orçamento Resumido'!E5:F6} -> OBRA: CONSTRUÇÃO DO CENTRO DE ATENÇÃO PSICOSSOCIAL I E II | D5: 0 | L5: ='1 - Orçamento Resumido'!H4 -> AGESUL 06/2025 | N5: ='1 - Orçamento Resumido'!I4 -> SEINFRA 028
C6: 0 | D6: 0 | H6: ='1 - Orçamento Resumido'!G6 -> HORISTA: 107,52% | L6: ='1 - Orçamento Resumido'!H5 -> ORSE 08/2025 | N6: ='1 - Orçamento Resumido'!I5 -> IOPS 07/2025
L7: ='1 - Orçamento Resumido'!H6 -> CPOS 09/2025 | N7: ='1 - Orçamento Resumido'!I6 -> EMOP 09/2025
C8: LOCAL: AV. MATO GROSSO, 758-848 - VILA ANGELICA, JARDIM - MS | H8: ='1 - Orçamento Resumido'!G7 -> MENSALISTA: 64,8% | L8: ='1 - Orçamento Resumido'!H7 -> AGETOP 06/2025 | N8: ='1 - Orçamento Resumido'!I7 -> BDI: 25,00%
B10: CRONOGRAMA FÍSICO FINANCEIRO
B11: Item | C11: Descrição | F11: Total Por Etapa | G11: 30 DIAS | H11: 60 DIAS | I11: 90 DIAS | J11: 120 DIAS | K11: 150 DIAS | L11: 180 DIAS | M11: 210 DIAS | N11: 240 DIAS | O11: 270 DIAS | P11: 300 DIAS | Q11: 330 DIAS | R11: 360 DIAS | S11: 390 DIAS | T11: 420 DIAS
B12: 1 | C12: SERVIÇOS PRELIMINARES E INDIRETOS | F12: 100,00% 149.455,06 | G12: 61,00% 91.167,59 | H12: 3,00% 4.483,65 | I12: 3,00% 4.483,65 | J12: 3,00% 4.483,65 | K12: 3,00% 4.483,65 | L12: 3,00% 4.483,65 | M12: 3,00% 4.483,65 | N12: 3,00% 4.483,65 | O12: 3,00% 4.483,65 | P12: 3,00% 4.483,65 | Q12: 3,00% 4.483,65 | R12: 3,00% 4.483,65 | S12: 3,00% 4.483,65 | T12: 3,00% 4.483,65
B13: 2 | C13: FUNDAÇÃO | F13: 100,00% 256.655,79 | G13: 20,00% 51.331,16 | H13: 30,00% 76.996,74 | I13: 30,00% 76.996,74 | J13: 20,00% 51.331,16
B14: 3 | C14: ESTRUTURA | F14: 100,00% 261.481,50 | H14: 25,00% 65.370,38 | I14: 25,00% 65.370,38 | J14: 25,00% 65.370,38 | K14: 20,00% 52.296,30 | R14: 5,00% 13.074,08
B15: 4 | C15: ALVENARIA, VEDAÇÕES E DIVISÓRIAS | F15: 100,00% 205.573,09 | J15: 20,00% 41.114,62 | K15: 20,00% 41.114,62 | L15: 20,00% 41.114,62 | M15: 20,00% 41.114,62 | N15: 20,00% 41.114,62
B16: 5 | C16: COBERTURA | F16: 100,00% 98.886,73 | L16: 40,00% 39.554,69 | M16: 15,00% 14.833,01 | N16: 15,00% 14.833,01 | O16: 15,00% 14.833,01 | P16: 15,00% 14.833,01
B17: 6 | C17: IMPERMEABILIZAÇÃO | F17: 100,00% 38.895,46 | L17: 100,00% 38.895,46
B18: 7 | C18: ESQUADRIAS | F18: 100,00% 229.739,92 | M18: 25,00% 57.434,98 | N18: 20,00% 45.947,98 | O18: 20,00% 45.947,98 | P18: 20,00% 45.947,98 | T18: 15,00% 34.460,99
B19: 8 | C19: REVESTIMENTO DE PAREDE | F19: 100,00% 107.041,40 | J19: 20,00% 21.408,28 | K19: 20,00% 21.408,28 | L19: 20,00% 21.408,28 | M19: 20,00% 21.408,28 | Q19: 10,00% 10.704,14 | R19: 10,00% 10.704,14
B20: 9 | C20: REVESTIMENTO DE PISO INTERNO | F20: 100,00% 146.517,41 | N20: 25,00% 36.629,35 | O20: 25,00% 36.629,35 | P20: 25,00% 36.629,35 | Q20: 20,00% 29.303,48 | R20: 5,00% 7.325,87
B21: 10 | C21: REVESTIMENTO DE PISO EXTERNO | F21: 100,00% 39.170,56 | Q21: 80,00% 31.336,45 | R21: 20,00% 7.834,11
B22: 11 | C22: REVESTIMENTO DE TETO | F22: 100,00% 45.136,83 | N22: 40,00% 18.054,73 | O22: 40,00% 18.054,73 | Q22: 20,00% 9.027,37
B23: 12 | C23: PINTURA | F23: 100,00% 88.858,89 | S23: 60,00% 53.315,33 | T23: 40,00% 35.543,56
B24: 13 | C24: MARMORARIA | F24: 100,00% 24.962,46 | S24: 100,00% 24.962,46
B25: 14 | C25: LOUÇAS, METAIS E ACESSÓRIOS | F25: 100,00% 62.575,96 | S25: 50,00% 31.287,98 | T25: 50,00% 31.287,98
B26: 15 | C26: INSTALAÇÕES HIDROSSANITÁRIAS | F26: 100,00% 203.998,97 | K26: 10,00% 20.399,90 | L26: 10,00% 20.399,90 | M26: 10,00% 20.399,90 | N26: 10,00% 20.399,90 | Q26: 20,00% 40.799,79 | R26: 20,00% 40.799,79 | S26: 20,00% 40.799,79
B27: 16 | C27: INSTALAÇÕES ELÉTRICAS | F27: 100,00% 307.910,60 | K27: 10,00% 30.791,06 | L27: 10,00% 30.791,06 | M27: 10,00% 30.791,06 | N27: 10,00% 30.791,06 | Q27: 20,00% 61.582,12 | R27: 20,00% 61.582,12 | S27: 10,00% 30.791,06 | T27: 10,00% 30.791,06
B28: 17 | C28: CLIMATIZAÇÃO | F28: 100,00% 173.612,72 | O28: 20,00% 34.722,54 | P28: 20,00% 34.722,54 | Q28: 20,00% 34.722,54 | R28: 20,00% 34.722,54 | T28: 20,00% 34.722,54
B29: 18 | C29: DADOS E VOZ | F29: 100,00% 21.896,19 | N29: 30,00% 6.568,86 | O29: 30,00% 6.568,86 | P29: 40,00% 8.758,48
B30: 19 | C30: URBANIZAÇÃO | F30: 100,00% 15.344,81 | S30: 20,00% 3.068,96 | T30: 80,00% 12.275,85
B31: 20 | C31: MURO | F31: 100,00% 158.843,22 | P31: 30,00% 47.652,97 | R31: 30,00% 47.652,97 | S31: 30,00% 47.652,97 | T31: 10,00% 15.884,32
B32: 21 | C32: SERVIÇOS COMPLEMENTARES | F32: 100,00% 12.533,22 | T32: 100,00% 12.533,22
B33: Porcentagem | G33: 5,38% | H33: 5,54% | I33: 5,54% | J33: 6,93% | K33: 6,44% | L33: 7,42% | M33: 7,19% | N33: 8,26% | O33: 6,09% | P33: 7,29% | Q33: 8,38% | R33: 8,61% | S33: 8,92% | T33: 8,0%
B34: Custo | G34: 142.498,74 | H34: 146.850,76 | I34: 146.850,76 | J34: 183.708,08 | K34: 170.493,80 | L34: 196.647,65 | M34: 190.465,49 | N34: 218.823,16 | O34: 161.240,13 | P34: 193.027,98 | Q34: 221.959,54 | R34: 228.179,27 | S34: 236.362,20 | T34: 211.983,16
B35: Porcentagem Acumulado | G35: 5,38% | H35: 10,92% | I35: 16,47% | J35: 23,4% | K35: 29,84% | L35: 37,26% | M35: 44,45% | N35: 52,71% | O35: 58,8% | P35: 66,08% | Q35: 74,46% | R35: 83,08% | S35: 92,0% | T35: 100,0%
B36: Custo Acumulado | G36: 142.498,74 | H36: 289.349,50 | I36: 436.200,26 | J36: 619.908,34 | K36: 790.402,14 | L36: 987.049,79 | M36: 1.177.515,28 | N36: 1.396.338,44 | O36: 1.557.578,57 | P36: 1.750.606,55 | Q36: 1.972.566,09 | R36: 2.200.745,36 | S36: 2.437.107,56 | T36: 2.649.090,79

Sheet 5 - Memória de Cálculo
C3: ='1 - Orçamento Resumido'!E2 -> PREFEITURA MUNICIPAL DE JARDIM | F3: BANCOS:
C4: ='1 - Orçamento Resumido'!E3 -> RUA CORONEL JUVÊNCIO, Nº 547 | E4: ENCARGOS SOCIAIS | F4: ='1 - Orçamento Resumido'!H3 -> SINAP 09/2025 - MS | H4: ='1 - Orçamento Resumido'!I3 -> SBC 10/2025
C5: ='1 - Orçamento Resumido'!E4 -> CNPJ: 03.162.047/0001-40 | E5: ='[1]1 - Orçamento Resumido'!G5 -> SEM DESONERAÇÃO | F5: ='1 - Orçamento Resumido'!H4 -> AGESUL 06/2025 | H5: ='1 - Orçamento Resumido'!I4 -> SEINFRA 028
C6: ='1 - Orçamento Resumido'!E5 -> OBRA: CONSTRUÇÃO DO CENTRO DE ATENÇÃO PSICOSSOCIAL I E II | F6: ='1 - Orçamento Resumido'!H5 -> ORSE 08/2025 | H6: ='1 - Orçamento Resumido'!I5 -> IOPS 07/2025
E7: ='1 - Orçamento Resumido'!G6 -> HORISTA: 107,52% | F7: ='1 - Orçamento Resumido'!H6 -> CPOS 09/2025 | H7: ='1 - Orçamento Resumido'!I6 -> EMOP 09/2025
C8: ='1 - Orçamento Resumido'!E7 -> LOCAL: RUA JOSÉ DE ALENCAR, ESQ. C/ RUA DÁLIA BERNADINO DA SILVA, JARDIM/MS | E8: ='1 - Orçamento Resumido'!G7 -> MENSALISTA: 64,8% | F8: ='1 - Orçamento Resumido'!H7 -> AGETOP 06/2025 | H8: ='1 - Orçamento Resumido'!I7 -> BDI: 25,00%
A10: MEMÓRIA DE CÁLCULO
A11: Item | B11: Código | C11: Banco | D11: Descrição | E11: Und | F11: Quant. | G11: Valor Unit | H11: Valor Unit com BDI | I11: Total | J11: Peso (%)
A12: 2 | D12: FUNDAÇÃO | F12: 1 | H12: 256655.79 | I12: 256655.79 | J12: 0.096884482
A13: 2.1 | D13: ESTACAS ESCAVADAS | F13: 1 | H13: 119958.23 | I13: 119958.23 | J13: 0.045282793
A14: 2.1.1 | B14: 99059 | C14: SINAPI | D14: LOCAÇÃO CONVENCIONAL DE OBRA, UTILIZANDO GABARITO DE TÁBUAS CORRIDAS PONTALETADAS A CADA 2,00M - 2 UTILIZAÇÕES. AF_03/2024 | E14: M | F14: 97.5 | G14: 62.08 | H14: 77.6 | I14: 7566 | J14: 0.0028560743
A15: 2.1.2 | B15: 0301000134 | C15: AGESUL | D15: ESTACA ESCAVADA MECANICAMENTE, SEM FLUIDO ESTABILIZANTE, COM 40CM DE DIAMETRO, CONCRETO LANCADO POR CAMINHAO BETONEIRA (EXCLUSIVE FERRAGENS, MOBILIZACAO E DESMOBILIZACAO) | E15: M | F15: 510 | G15: 114.66 | H15: 143.32 | I15: 73093.2 | J15: 0.027591806
A16: Local | D16: Descrição | E16: Fórmula | I16: Quantidade
D17: Conforme Projeto Estrutural atualizado, prancha EST 01/02, tabela estacas | E17: (54*5)+(40*6) | I17: 510
A18: 2.1.3 | B18: 95577 | C18: SINAPI | D18: MONTAGEM DE ARMADURA DE ESTACAS, DIÂMETRO = 10,0 MM. AF_09/2021_PS | E18: KG | F18: 1043.2 | G18: 10.57 | H18: 13.21 | I18: 13780.67 | J18: 0.0052020376
A19: Local | D19: Descrição | E19: Fórmula | I19: Quantidade
D20: Conforme Projeto Estrutural atualizado, prancha EST 01/02, resumo de aço | E20: 1043,2 | I20: 1043.2
A21: 2.1.4 | B21: 95583 | C21: SINAPI | D21: MONTAGEM DE ARMADURA TRANSVERSAL DE ESTACAS DE SEÇÃO CIRCULAR, DIÂMETRO = 5,0 MM. AF_09/2021_PS | E21: KG | F21: 405.7 | G21: 15.67 | H21: 19.58 | I21: 7943.6 | J21: 0.0029986137
A22: Local | D22: Descrição | E22: Fórmula | I22: Quantidade
D23: Conforme Projeto Estrutural atualizado, prancha EST 01/02, resumo de aço | E23: 405,7 | I23: 405.7
A24: 2.1.5 | B24: 95601 | C24: SINAPI | D24: ARRASAMENTO MECANICO DE ESTACA DE CONCRETO ARMADO, DIAMETROS DE ATÉ 40 CM. AF_05/2021 | E24: UN | F24: 94 | G24: 17.78 | H24: 22.22 | I24: 2088.68 | J24: 0.00078845165
A25: Local | D25: Descrição | E25: Fórmula | I25: Quantidade
D26: Conforme Projeto Estrutural atualizado, prancha EST 01/02, tabela estacas | E26: 54+40 | I26: 94
A27: 2.1.6 | B27: 0601003200 | C27: AGESUL | D27: BOMBEAMENTO, ADENSAMENTO E ACABAMENTO DE CONCRETO | E27: m³ | F27: 64 | G27: 90.56 | H27: 113.2 | I27: 7244.8 | J27: 0.0027348251
A28: Local | D28: Descrição | E28: Fórmula | I28: Quantidade
D29: Conforme Projeto Estrutural atualizado, prancha EST 01/02, resumo de aço | E29: 64 | I29: 64
A30: 2.1.7 | B30: CPU2532 | C30: Próprio | D30: CONTROLE TECNOLOGICO DE CONCRETOS | E30: m³ | F30: 64 | G30: 103.02 | H30: 128.77 | I30: 8241.28 | J30: 0.0031109844
A31: Local | D31: Descrição | E31: Fórmula | I31: Quantidade
D32: Conforme Projeto Estrutural atualizado, prancha EST 01/02, resumo de aço | E32: 64 | I32: 64
A33: 2.2 | D33: BLOCOS | F33: 1 | H33: 75994.35 | I33: 75994.35 | J33: 0.028686956
A34: 2.2.1 | B34: 96523 | C34: SINAPI | D34: ESCAVAÇÃO MANUAL PARA BLOCO DE COROAMENTO OU SAPATA (INCLUINDO ESCAVAÇÃO PARA COLOCAÇÃO DE FÔRMAS). AF_01/2024 | E34: m³ | F34: 39.16 | G34: 94.07 | H34: 117.58 | I34: 4604.43 | J34: 0.0017381171
A35: Local | D35: Descrição | E35: Fórmula | I35: Quantidade
D36: Conforme Projeto Estrutural atualizado, prancha EST 02/02, resumo de aço | E36: 39,16 | I36: 39.16
A37: 2.2.2 | B37: 96534 | C37: SINAPI | D37: FABRICAÇÃO, MONTAGEM E DESMONTAGEM DE FÔRMA PARA BLOCO DE COROAMENTO, EM MADEIRA SERRADA, E=25 MM, 4 UTILIZAÇÕES. AF_01/2024 | E37: m² | F37: 172 | G37: 71.72 | H37: 89.65 | I37: 15419.8 | J37: 0.0058207896
A38: Local | D38: Descrição | E38: Fórmula | I38: Quantidade
D39: Conforme Projeto Estrutural atualizado, prancha EST 02/02, resumo de aço | E39: 172 | I39: 172
A40: 2.2.3 | B40: ELMT COMP - 1041 | C40: Próprio | D40: LASTRO COM MATERIAL GRANULAR, APLICAÇÃO EM VIGA BALDRAME, ESPESSURA DE *5 CM*. | E40: m³ | F40: 2.9815956 | G40: 221.05 | H40: 276.31 | I40: 823.84 | J40: 0.00031098972
A41: Local | D41: Descrição | E41: Fórmula | I41: Quantidade
D42: Conforme Projeto Estrutural atualizado, prancha EST 02/02, dimensões blocos | E42: ((0,70*0,70*25)+(0,70*1,90*33)+(2,008*1,739*1))*0,05 | I42: 2.9815956
A43: 2.2.4 | B43: 96543 | C43: SINAPI | D43: ARMAÇÃO DE BLOCO UTILIZANDO AÇO CA-60 DE 5 MM - MONTAGEM. AF_01/2024 | E43: KG | F43: 359.6 | G43: 19.52 | H43: 24.4 | I43: 8774.24 | J43: 0.0033121704
A44: Local | D44: Descrição | E44: Fórmula | I44: Quantidade
D45: Conforme Projeto Estrutural atualizado, prancha EST 02/02, resumo de aço | E45: 359,6 | I45: 359.6
A46: 2.2.5 | B46: 96545 | C46: SINAPI | D46: ARMAÇÃO DE BLOCO UTILIZANDO AÇO CA-50 DE 8 MM - MONTAGEM. AF_01/2024 | E46: KG | F46: 13.2 | G46: 15.79 | H46: 19.73 | I46: 260.43 | J46: 9.8309201e-05
A47: Local | D47: Descrição | E47: Fórmula | I47: Quantidade
D48: Conforme Projeto Estrutural atualizado, prancha EST 02/02, resumo de aço | E48: 13,2 | I48: 13.2
A49: 2.2.6 | B49: 96546 | C49: SINAPI | D49: ARMAÇÃO DE BLOCO UTILIZANDO AÇO CA-50 DE 10 MM - MONTAGEM. AF_01/2024 | E49: KG | F49: 175.8 | G49: 13.8 | H49: 17.25 | I49: 3032.55 | J49: 0.0011447513
A50: Local | D50: Descrição | E50: Fórmula | I50: Quantidade
D51: Conforme Projeto Estrutural atualizado, prancha EST 02/02, resumo de aço | E51: 175,8 | I51: 175.8
A52: 2.2.7 | B52: 104920 | C52: SINAPI | D52: ARMAÇÃO DE BLOCO, SAPATA ISOLADA, VIGA BALDRAME E SAPATA CORRIDA UTILIZANDO AÇO CA-50 DE 12,5 MM - MONTAGEM. AF_01/2024 | E52: KG | F52: 63.1 | G52: 10.63 | H52: 13.28 | I52: 837.96 | J52: 0.00031631985
A53: Local | D53: Descrição | E53: Fórmula | I53: Quantidade
D54: Conforme Projeto Estrutural atualizado, prancha EST 02/02, resumo de aço | E54: 63,1 | I54: 63.1
A55: 2.2.8 | B55: ELMT COMP 804 | C55: Próprio | D55: CONCRETAGEM DE BLOCO DE COROAMENTO OU VIGA BALDRAME, FCK 25 MPA, COM USO DE BOMBA - LANÇAMENTO, ADENSAMENTO E ACABAMENTO. | E55: m³ | F55: 39.16 | G55: 759.93 | H55: 949.91 | I55: 37198.47 | J55: 0.014041976
A56: Local | D56: Descrição | E56: Fórmula | I56: Quantidade
D57: Conforme Projeto Estrutural atualizado, prancha EST 02/02, resumo de aço | E57: 39,16 | I57: 39.16
A58: 2.2.9 | B58: CPU2532 | C58: Próprio | D58: CONTROLE TECNOLOGICO DE CONCRETOS | E58: m³ | F58: 39.16 | G58: 103.02 | H58: 128.77 | I58: 5042.63 | J58: 0.0019035323
A59: Local | D59: Descrição | E59: Fórmula | I59: Quantidade
D60: Conforme Projeto Estrutural atualizado, prancha EST 02/02, resumo de aço | E60: 39,16 | I60: 39.16
A61: 2.3 | D61: VIGAS BALDRAME | F61: 1 | H61: 60703.21 | I61: 60703.21 | J61: 0.022914734
A62: 2.3.1 | B62: 96527 | C62: SINAPI | D62: ESCAVAÇÃO MANUAL PARA VIGA BALDRAME OU SAPATA CORRIDA (INCLUINDO ESCAVAÇÃO PARA COLOCAÇÃO DE FÔRMAS). AF_01/2024 | E62: m³ | F62: 19.31 | G62: 103.55 | H62: 129.43 | I62: 2499.29 | J62: 0.000943452
A63: Local | D63: Descrição | E63: Fórmula | I63: Quantidade
D64: Conforme Projeto Estrutural PAC , prancha EST 13 e 14/17, resumo de aço | E64: 15,02+4,29 | I64: 19.31
A65: 2.3.2 | B65: 96536 | C65: SINAPI | D65: FABRICAÇÃO, MONTAGEM E DESMONTAGEM DE FÔRMA PARA VIGA BALDRAME, EM MADEIRA SERRADA, E=25 MM, 4 UTILIZAÇÕES. AF_01/2024 | E65: m² | F65: 258.16 | G65: 62.22 | H65: 77.77 | I65: 20077.1 | J65: 0.0075788644
A66: Local | D66: Descrição | E66: Fórmula | I66: Quantidade
D67: Conforme Projeto Estrutural PAC , prancha EST 13 e 14/17, resumo de aço | E67: 198,12+60,04 | I67: 258.16
A68: 2.3.3 | B68: 104916 | C68: SINAPI | D68: ARMAÇÃO DE SAPATA ISOLADA, VIGA BALDRAME E SAPATA CORRIDA UTILIZANDO AÇO CA-60 DE 5 MM - MONTAGEM. AF_01/2024 | E68: KG | F68: 294.4 | G68: 16.4 | H68: 20.5 | I68: 6035.2 | J68: 0.0022782156
A69: Local | D69: Descrição | E69: Fórmula | I69: Quantidade
D70: Conforme Projeto Estrutural PAC , prancha EST 13 e 14/17, resumo de aço | E70: 227,1+67,3 | I70: 294.4
A71: 2.3.4 | B71: 104917 | C71: SINAPI | D71: ARMAÇÃO DE SAPATA ISOLADA, VIGA BALDRAME E SAPATA CORRIDA UTILIZANDO AÇO CA-50 DE 6,3 MM - MONTAGEM. AF_01/2024 | E71: KG | F71: 4.4 | G71: 15.22 | H71: 19.02 | I71: 83.68 | J71: 3.1588196e-05
A72: Local | D72: Descrição | E72: Fórmula | I72: Quantidade
D73: Conforme Projeto Estrutural PAC , prancha EST 13/17, resumo de aço | E73: 4,4 | I73: 4.4
A74: 2.3.5 | B74: 104919 | C74: SINAPI | D74: ARMAÇÃO DE SAPATA ISOLADA, VIGA BALDRAME E SAPATA CORRIDA UTILIZANDO AÇO CA-50 DE 10 MM - MONTAGEM. AF_01/2024 | E74: KG | F74: 436.8 | G74: 12.54 | H74: 15.67 | I74: 6844.65 | J74: 0.0025837733
A75: Local | D75: Descrição | E75: Fórmula | I75: Quantidade
D76: Conforme Projeto Estrutural PAC , prancha EST 13 e 14/17, resumo de aço | E76: 391,4+45,4 | I76: 436.8
A77: 2.3.6 | B77: 104918 | C77: SINAPI | D77: ARMAÇÃO DE SAPATA ISOLADA, VIGA BALDRAME E SAPATA CORRIDA UTILIZANDO AÇO CA-50 DE 8 MM - MONTAGEM. AF_01/2024 | E77: KG | F77: 133.7 | G77: 14.08 | H77: 17.6 | I77: 2353.12 | J77: 0.00088827458
A78: Local | D78: Descrição | E78: Fórmula | I78: Quantidade
D79: Conforme Projeto Estrutural PAC , prancha EST 13 e 14/17, resumo de aço | E79: 78,5+55,2 | I79: 133.7
A80: 2.3.7 | B80: 104920 | C80: SINAPI | D80: ARMAÇÃO DE BLOCO, SAPATA ISOLADA, VIGA BALDRAME E SAPATA CORRIDA UTILIZANDO AÇO CA-50 DE 12,5 MM - MONTAGEM. AF_01/2024 | E80: KG | F80: 353.5 | G80: 10.63 | H80: 13.28 | I80: 4694.48 | J80: 0.0017721099
A81: Local | D81: Descrição | E81: Fórmula | I81: Quantidade
D82: Conforme Projeto Estrutural PAC , prancha EST 13 e 14/17, resumo de aço | E82: 199,5+154 | I82: 353.5
A83: 2.3.8 | B83: 104921 | C83: SINAPI | D83: ARMAÇÃO DE BLOCO, SAPATA ISOLADA, VIGA BALDRAME E SAPATA CORRIDA UTILIZANDO AÇO CA-50 DE 16 MM - MONTAGEM. AF_01/2024 | E83: KG | F83: 207.2 | G83: 10.01 | H83: 12.51 | I83: 2592.07 | J83: 0.00097847534
A84: Local | D84: Descrição | E84: Fórmula | I84: Quantidade
D85: Conforme Projeto Estrutural PAC , prancha EST 13/17, resumo de aço | E85: 207,2 | I85: 207.2
A86: 2.3.9 | B86: CPU2532 | C86: Próprio | D86: CONTROLE TECNOLOGICO DE CONCRETOS | E86: m³ | F86: 19.31 | G86: 103.02 | H86: 128.77 | I86: 2486.54 | J86: 0.00093863903
A87: Local | D87: Descrição | E87: Fórmula | I87: Quantidade
D88: Conforme Projeto Estrutural PAC , prancha EST 13 e 14/17, resumo de aço | E88: 15,02+4,29 | I88: 19.31
A89: 2.3.10 | B89: 98557 | C89: SINAPI | D89: IMPERMEABILIZAÇÃO DE SUPERFÍCIE COM EMULSÃO ASFÁLTICA, 2 DEMÃOS. AF_09/2023 | E89: m² | F89: 258.16 | G89: 40.4 | H89: 50.5 | I89: 13037.08 | J89: 0.0049213413
A90: Local | D90: Descrição | E90: Fórmula | I90: Quantidade
D91: Conforme Projeto Estrutural PAC , prancha EST 13 e 14/17, resumo de aço | E91: 198,12+60,04 | I91: 258.16
A92: 20 | D92: MURO | F92: 1 | H92: 158843.22 | I92: 158843.22 | J92: 0.05996141
A93: 20.1 | B93: 2001003013 | C93: AGESUL | D93: MURO (H=2,00 M) - ANEXO A-118 (S.C.) - SIMPLIFICADO(CHAPISCADO/REGULARIZADO/CHAPISCADO DESEMPENADO) - PLANILHA PADRAO 000567 | E93: M | F93: 121.99 | G93: 752.8 | H93: 941 | I93: 114792.59 | J93: 0.043332826
A94: Local | D94: Descrição | E94: Fórmula | I94: Quantidade
D95: Conforme Projeto Arquitetônico, prancha de implantação | E95: 27,0701+6,85+13+34,9999+40,07 | I95: 121.99
A96: 20.2 | B96: 88485 | C96: SINAPI | D96: FUNDO SELADOR ACRÍLICO, APLICAÇÃO MANUAL EM PAREDE, UMA DEMÃO. AF_04/2023 | E96: m² | F96: 487.96 | G96: 3.86 | H96: 4.82 | I96: 2351.96 | J96: 0.00088783669
A97: Local | D97: Descrição | E97: Fórmula | I97: Quantidade
D98: Conforme Projeto Arquitetônico, prancha de implantação | E98: (27,0701+6,85+13+34,9999+40,07)*2*2 | I98: 487.96
A99: 20.3 | B99: 96130 | C99: SINAPI | D99: APLICAÇÃO MANUAL DE MASSA ACRÍLICA EM PAREDES EXTERNAS DE CASAS, UMA DEMÃO. AF_03/2024 | E99: m² | F99: 487.96 | G99: 19.39 | H99: 24.23 | I99: 11823.27 | J99: 0.0044631426
A100: Local | D100: Descrição | E100: Fórmula | I100: Quantidade
D101: Conforme Projeto Arquitetônico, prancha de implantação | E101: (27,0701+6,85+13+34,9999+40,07)*2*2 | I101: 487.96
A102: 20.4 | B102: 104641 | C102: SINAPI | D102: PINTURA LÁTEX ACRÍLICA ECONÔMICA, APLICAÇÃO MANUAL EM PAREDES, DUAS DEMÃOS. AF_04/2023 | E102: m² | F102: 487.96 | G102: 8.98 | H102: 11.22 | I102: 5474.91 | J102: 0.0020667129
A103: Local | D103: Descrição | E103: Fórmula | I103: Quantidade
...

Sheet 6 - BDI
B1: VERIFICAÇÃO DO BDI - ACÓRDÃO 2.622/2013
B4: DADOS INICIAIS
B6: TIPO DE OBRA: | C6: Construção de edificios
B8: ENQUADRAMENTO NA DESONERAÇÃO CONFORME LEI N° 12.844/2013:* | F8: NÃO | K8: =IF(F8="","PREENCHER SE A OBRA POSSUI FOLHA DE PAGAMENTO DESONERADA","")
B9: *Uso de encargos sociais desonerados na elaboração do orçamento
B11: ENQUADRAM-SE NO TIPO SELECIONADO:
B12: =VLOOKUP(BU294,BV256:BW261,2,0) -> A construção e reforma de: edifícios, unidades habitacionais, escolas, hospitais, hotéis, restaurantes, armazéns e depósitos, edifícios para uso agropecuário, estações para trens e metropolitanos, estádios esportivos e quadras cobertas, instalações para embarque e desembarque de passageiros (em aeroportos, rodoviárias, portos, etc.), penitenciárias e presídios, a construção de edifícios industriais (fábricas, oficinas, galpões industriais, etc.), conforme classificação 4120-4 do CNAE 2.0. Também enquadram-se pórticos, mirantes e outros edifícios de finalidade turística.
B14: CÁLCULO DOS IMPOSTOS
B16: TIPO DE TRIBUTAÇÃO SOBRE O LUCRO: | E16: LUCRO PRESUMIDO | K16: =IF(E16="LUCRO REAL","PARA CÁLCULO DO IMPOSTO PREENCHER O % ADOTADO DE LUCRO NO CÁLCULO DO BDI - CELULA F40","")
B18: Imposto | C18: Aliquota | D18: Base de cálculo
B19: PIS | C19: =VLOOKUP($E$16,$CE$265:$CH$266,2,0) -> 0.0065 | D19: =VLOOKUP(E16,CE265:CH266,4,0) -> RECEITA BRUTA (VALOR DA NOTA)
B20: COFINS | C20: =VLOOKUP($E$16,$CE$265:$CH$266,3,0) -> 0.03
B22: ISS BRUTO % (LEI MUNICIPAL): | D22: % INCIDÊNCIA (M.OBRA)*
B23: 0.05 | D23: 0.6
D24: ,
B25: ISS LÍQUIDO | C25: =+B23*D23 -> 0.03
D27: TOTAL IMPOSTOS | F27: =VLOOKUP(E16,CE265:CI266,5,0) -> 0.0665
B29: *Incidência do total do contrato que representa mão de obra para compor a base de cálculo conf. legislação municipal.
B33: VERIFICAÇÃO E CÁLCULO DO BDI
B35: ITEM COMPONENTE | C35: 1º QUARTIL | D35: MÉDIO | E35: 3º QUARTIL | F35: Adotado | I35: Cálculo arredondado
B36: Administração Central | C36: =BV295 -> 0.03 | D36: =BW295 -> 0.04 | E36: =BX295 -> 0.055 | F36: 0.0436 | I36: =TRUNC(F36,4) -> 0.0436
B37: Seguro e Garantia | C37: =BV296 -> 0.008 | D37: =BW296 -> 0.008 | E37: =BX296 -> 0.01 | F37: 0.01 | I37: =TRUNC(F37,4) -> 0.01
B38: Risco | C38: =BV297 -> 0.0097 | D38: =BW297 -> 0.0127 | E38: =BX297 -> 0.0127 | F38: 0.0127 | I38: =TRUNC(F38,4) -> 0.0127
B39: Despesas Financeiras | C39: =BV298 -> 0.0059 | D39: =BW298 -> 0.0123 | E39: =BX298 -> 0.0139 | F39: 0.0123 | I39: =TRUNC(F39,4) -> 0.0123
B40: Lucro | C40: =BV299 -> 0.0616 | D40: =BW299 -> 0.074 | E40: =BX299 -> 0.0896 | F40: 0.0811 | I40: =TRUNC(F40,4) -> 0.0811
B42: Impostos | F42: =F27 -> 0.0665 | I42: =TRUNC(F42,5) -> 0.0665
B49: BDI CALCULADO | E49: =TRUNC((((1+I36+I37+I38)*(1+I39)*(1+I40))/(1-I42))-1,4) -> 0.25
B51: =IF(E49<C53,"ERRO - BDI INFERIOR AO 1º QUARTIL",IF(E49>E53,"ERRO - BDI SUPERIOR AO 3º QUARTIL",""))
C52: 1º QUARTIL | D52: MÉDIO | E52: 3º QUARTIL
B53: LIMITES DO BDI | C53: =BV294 -> 0.2034 | D53: =BW294 -> 0.2212 | E53: =BX294 -> 0.25
B55: CORREÇÃO DA DESONERAÇÃO
B57: BDI CALCULADO C/ DESONERAÇÃO (USO DE E.S. DESONERADOS): | E57: =TRUNC((((1+I36+I37+I38)*(1+I39)*(1+I40))/(1-I59))-1,4) -> 0.3134
B59: INSS SOBRE A RECEITA BRUTA: | C59: 0.045 | D59: TOTAL IMPOSTOS | F59: =+F27+C59 -> 0.1115 | I59: =TRUNC(F59,5) -> 0.1115
A64: ____________________________________
A65: Elemento Engenharia e Arquitetura CNPJ: 33.545.436/0001-15
BT254: BANCO DE DADOS
BU255: TIPO DE OBRA | BV255: CÓDIGO | BW255: ENQUARAMENTO
BT256: 100 | BU256: Construção de edificios | BV256: =+BT256 -> 100 | BW256: A construção e reforma de: edifícios, unidades habitacionais, escolas, hospitais, hotéis, restaurantes, armazéns e depósitos, edifícios para uso agropecuário, estações para trens e metropolitanos, estádios esportivos e quadras cobertas, instalações para embarque e desembarque de passageiros (em aeroportos, rodoviárias, portos, etc.), penitenciárias e presídios, a construção de edifícios industriais (fábricas, oficinas, galpões industriais, etc.), conforme classificação 4120-4 do CNAE 2.0. Também enquadram-se pórticos, mirantes e outros edifícios de finalidade turística.
BT257: 200 | BU257: Construção de rodovias e ferrovias | BV257: =+BT257 -> 200 | BW257: A construção e recuperação de: auto-estradas, rodovias e outras vias não-urbanas para passagem de veículos, vias férreas de superfície ou subterrâneas (inclusive para metropolitanos), pistas de aeroportos. Esta classe compreende também: a pavimentação de auto-estradas, rodovias e outras vias não-urbanas; construção de pontes, viadutos e túneis; a instalação de barreiras acústicas; a construção de praças de pedágio; a sinalização com pintura em rodovias e aeroportos; a instalação de placas de sinalização de tráfego e semelhantes, conforme classificação 4211-1 do CNAE 2.0. Também enquadram-se a construção, pavimentação e sinalização de vias urbanas, ruas e locais para estacionamento de veículos; a construção de praças e calçadas para pedestres; elevados, passarelas e ciclovias; metrô e VLT.
BT258: 300 | BU258: Construção de Redes de Abastecimento de Água, Coleta de Esgoto e Construções Correlatas | BV258: =+BT258 -> 300 | BW258: A construção de sistemas para o abastecimento de água tratada: reservatórios de distribuição, estações elevatórias de bombeamento, linhas principais de adução de longa e média distância e redes de distribuição de água; a construção de redes de coleta de esgoto, inclusive de interceptores, estações de tratamento de esgoto (ETE), estações de bombeamento de esgoto (EBE); a construção de galerias pluviais (obras de micro e macro drenagem). Esta classe compreende também: as obras de irrigação (canais); a manutenção de redes de abastecimento de água tratada; a manutenção de redes de coleta e de sistemas de tratamento de esgoto, conforme classificação 4222-7 do CNAE 2.0. Enquadra-se ainda a construção de estações de tratamento de água (ETA).
BT259: 400 | BU259: Construção e Manutenção de Estações e Redes de Distribuição de Energia Elétrica | BV259: =+BT259 -> 400 | BW259: A construção de usinas, estações e subestações hidrelétricas, eólicas, nucleares, termoelétricas; a construção de redes de transmissão e distribuição de energia elétrica, inclusive o serviço de eletrificação rural. Esta subclasse compreende também: a construção de redes de eletrificação para ferrovias e metropolitano, conforme classificação 4221-9/02 do CNAE 2.0. Compreende ainda: a manutenção de redes de distribuição de energia elétrica, quando executada por empresa não-produtora ou distribuidora de energia elétrica, conforme classificação 4221-9/03 do CNAE 2.0. Enquadram-se também obras de iluminação pública e a construção de barragens e represas para geração de energia elétrica.
BT260: 500 | BU260: Portuárias, Marítimas e Fluviais | BV260: =+BT260 -> 500 | BW260: As obras marítimas e fluviais, tais como, construção de instalações portuárias; construção de portos e marinas; construção de eclusas e canais de navegação (vias navegáveis); enrocamentos; obras de dragagem; aterro hidráulico; barragens, represas e diques, exceto para energia elétrica; a construção de emissários submarinos; a instalação de cabos submarinos, conforme classificação 4291-0 do CNAE 2.0. Enquadram-se também a construção de piers e outras obras com influência direta de cursos d’água.
BT261: 600 | BU261: Fornecimento de Materiais e Equipamentos | BV261: =+BT261 -> 600 | BW261: O fornecimento de materiais e equipamentos relevantes de natureza específica, como é o caso de: materiais betuminosos para obras rodoviárias,tubos de ferro fundido ou PVC para obras de abastecimento de água,elevadores e escadas rolantes para obras aeroportuárias. Os materiais e equipamentos devem compor itens próprios na planilha orçamentária, apartados de sua instalação, assentamento ou produção, p. ex., conjunto motor-bomba, tubulação de ferro fundido e material betuminoso, respectivamente. A adoção de taxa de BDI reduzida somente se justifica no caso de ficarem satisfeitas cumulativamente as seguintes condições: fornecimento de materiais e equipamentos que possam ser contratados diretamente do fabricante ou de fornecedor com especialidade própria e diversa da contratada principal;que se constitua mera intermediação entre a construtora e o fabricante; que a intermediação para fornecimento de equipamentos seja atividade residual da construtora.
CF264: PIS | CG264: CONFINS | CH264: BASE DE CÁLCULO
CE265: LUCRO PRESUMIDO | CF265: 0.0065 | CG265: 0.03 | CH265: RECEITA BRUTA (VALOR DA NOTA) | CI265: =(C19+C20)+C25 -> 0.0665
CE266: LUCRO REAL | CF266: 0.0165 | CG266: 0.076 | CH266: LUCRO | CI266: =(C19+C20)*(F40/(1+F40))+C25 -> 0.032738091
CD270: =BT256 -> 100 | CE270: =BU256 -> Construção de edificios
CD271: =+CD270+1 -> 101 | CE271: Administração Central | CF271: 0.03 | CG271: 0.04 | CH271: 0.055
CD272: =+CD271+1 -> 102 | CE272: Seguro e Garantia | CF272: 0.008 | CG272: 0.008 | CH272: 0.01
CD273: =+CD272+1 -> 103 | CE273: Risco | CF273: 0.0097 | CG273: 0.0127 | CH273: 0.0127
CD274: =+CD273+1 -> 104 | CE274: Despesas Financeiras | CF274: 0.0059 | CG274: 0.0123 | CH274: 0.0139
CD275: =+CD274+1 -> 105 | CE275: Lucro | CF275: 0.0616 | CG275: 0.074 | CH275: 0.0896
CD278: =BT257 -> 200 | CE278: =BU257 -> Construção de rodovias e ferrovias
CD279: =+CD278+1 -> 201 | CE279: Administração Central | CF279: 0.038 | CG279: 0.0401 | CH279: 0.0467
CD280: =+CD279+1 -> 202 | CE280: Seguro e Garantia | CF280: 0.0032 | CG280: 0.004 | CH280: 0.0074
CD281: =+CD280+1 -> 203 | CE281: Risco | CF281: 0.005 | CG281: 0.0056 | CH281: 0.0097
CD282: =+CD281+1 -> 204 | CE282: Despesas Financeiras | CF282: 0.0102 | CG282: 0.0111 | CH282: 0.0121
CD283: =+CD282+1 -> 205 | CE283: Lucro | CF283: 0.0664 | CG283: 0.073 | CH283: 0.0869
CD286: =BT258 -> 300 | CE286: =BU258 -> Construção de Redes de Abastecimento de Água, Coleta de Esgoto e Construções Correlatas
CD287: =+CD286+1 -> 301 | CE287: Administração Central | CF287: 0.0343 | CG287: 0.0493 | CH287: 0.0671
CD288: =+CD287+1 -> 302 | CE288: Seguro e Garantia | CF288: 0.0028 | CG288: 0.0049 | CH288: 0.0075
CD289: =+CD288+1 -> 303 | CE289: Risco | CF289: 0.01 | CG289: 0.0139 | CH289: 0.0174
CD290: =+CD289+1 -> 304 | CE290: Despesas Financeiras | CF290: 0.0094 | CG290: 0.0099 | CH290: 0.0117
CD291: =+CD290+1 -> 305 | CE291: Lucro | CF291: 0.0674 | CG291: 0.0804 | CH291: 0.094
BU293: Código da pesquisa | BV293: 1º Quartil | BW293: Médio | BX293: 3º Quartil | CD293: =BT259 -> 400 | CE293: =BU259 -> Construção e Manutenção de Estações e Redes de Distribuição de Energia Elétrica
BT294: BDI | BU294: =VLOOKUP(C6,BU256:BV261,2,0) -> 100 | BV294: =VLOOKUP($BU294,$BT$305:$BX$310,3,0) -> 0.2034 | BW294: =VLOOKUP($BU294,$BT$305:$BX$310,4,0) -> 0.2212 | BX294: =VLOOKUP($BU294,$BT$305:$BX$310,5,0) -> 0.25 | CD294: =+CD293+1 -> 401 | CE294: Administração Central | CF294: 0.0529 | CG294: 0.0592 | CH294: 0.0793
BT295: Administração Central | BU295: =+BU294+1 -> 101 | BV295: =VLOOKUP($BU295,$CD$270:$CH$311,3,0) -> 0.03 | BW295: =VLOOKUP($BU295,$CD$270:$CH$311,4,0) -> 0.04 | BX295: =VLOOKUP($BU295,$CD$270:$CH$311,5,0) -> 0.055 | CD295: =+CD294+1 -> 402 | CE295: Seguro e Garantia | CF295: 0.0025 | CG295: 0.0051 | CH295: 0.0056
BT296: Seguro e Garantia | BU296: =+BU295+1 -> 102 | BV296: =VLOOKUP($BU296,$CD$270:$CH$311,3,0) -> 0.008 | BW296: =VLOOKUP($BU296,$CD$270:$CH$311,4,0) -> 0.008 | BX296: =VLOOKUP($BU296,$CD$270:$CH$311,5,0) -> 0.01 | CD296: =+CD295+1 -> 403 | CE296: Risco | CF296: 0.01 | CG296: 0.0148 | CH296: 0.0197
BT297: Risco | BU297: =+BU296+1 -> 103 | BV297: =VLOOKUP($BU297,$CD$270:$CH$311,3,0) -> 0.0097 | BW297: =VLOOKUP($BU297,$CD$270:$CH$311,4,0) -> 0.0127 | BX297: =VLOOKUP($BU297,$CD$270:$CH$311,5,0) -> 0.0127 | CD297: =+CD296+1 -> 404 | CE297: Despesas Financeiras | CF297: 0.0101 | CG297: 0.0107 | CH297: 0.0111
BT298: Despesas Financeiras | BU298: =+BU297+1 -> 104 | BV298: =VLOOKUP($BU298,$CD$270:$CH$311,3,0) -> 0.0059 | BW298: =VLOOKUP($BU298,$CD$270:$CH$311,4,0) -> 0.0123 | BX298: =VLOOKUP($BU298,$CD$270:$CH$311,5,0) -> 0.0139 | CD298: =+CD297+1 -> 405 | CE298: Lucro | CF298: 0.08 | CG298: 0.0831 | CH298: 0.0951
BT299: Lucro | BU299: =+BU298+1 -> 105 | BV299: =VLOOKUP($BU299,$CD$270:$CH$311,3,0) -> 0.0616 | BW299: =VLOOKUP($BU299,$CD$270:$CH$311,4,0) -> 0.074 | BX299: =VLOOKUP($BU299,$CD$270:$CH$311,5,0) -> 0.0896 | CD299: =BT260 -> 500 | CE299: =BU260 -> Portuárias, Marítimas e Fluviais
CD300: =+CD299+1 -> 501 | CE300: Administração Central | CF300: 0.04 | CG300: 0.0552 | CH300: 0.0785
CD301: =+CD300+1 -> 502 | CE301: Seguro e Garantia | CF301: 0.0081 | CG301: 0.0122 | CH301: 0.0199
CD302: =+CD301+1 -> 503 | CE302: Risco | CF302: 0.0146 | CG302: 0.0232 | CH302: 0.0316
CD303: =+CD302+1 -> 504 | CE303: Despesas Financeiras | CF303: 0.0094 | CG303: 0.0102 | CH303: 0.0133
BV304: 1 Quartil | BW304: Médio | BX304: 3 Quartil | CD304: =+CD303+1 -> 505 | CE304: Lucro | CF304: 0.0714 | CG304: 0.084 | CH304: 0.1043
BT305: =BT256 -> 100 | BU305: =VLOOKUP(BT305,BT256:BU261,2,0) -> Construção de edificios | BV305: 0.2034 | BW305: 0.2212 | BX305: 0.25
BT306: 200 | BU306: =VLOOKUP(BT306,BT257:BU262,2,0) -> Construção de rodovias e ferrovias | BV306: 0.196 | BW306: 0.2097 | BX306: 0.2423 | CD306: =BT261 -> 600 | CE306: =BU261 -> Fornecimento de Materiais e Equipamentos
BT307: =BT258 -> 300 | BU307: =VLOOKUP(BT307,BT258:BU263,2,0) -> Construção de Redes de Abastecimento de Água, Coleta de Esgoto e Construções Correlatas | BV307: 0.2076 | BW307: 0.2418 | BX307: 0.2644 | CD307: =+CD306+1 -> 601 | CE307: Administração Central | CF307: 0.015 | CG307: 0.0345 | CH307: 0.0449
BT308: 400 | BU308: =VLOOKUP(BT308,BT259:BU264,2,0) -> Construção e Manutenção de Estações e Redes de Distribuição de Energia Elétrica | BV308: 0.24 | BW308: 0.2584 | BX308: 0.2786 | CD308: =+CD307+1 -> 602 | CE308: Seguro e Garantia | CF308: 0.003 | CG308: 0.0048 | CH308: 0.0082
BT309: 500 | BU309: =VLOOKUP(BT309,BT260:BU265,2,0) -> Portuárias, Marítimas e Fluviais | BV309: 0.228 | BW309: 0.2748 | BX309: 0.3095 | CD309: =+CD308+1 -> 603 | CE309: Risco | CF309: 0.0056 | CG309: 0.0085 | CH309: 0.0089
BT310: 600 | BU310: =VLOOKUP(BT310,BT261:BU266,2,0) -> Fornecimento de Materiais e Equipamentos | BV310: 0.111 | BW310: 0.1402 | BX310: 0.168 | CD310: =+CD309+1 -> 604 | CE310: Despesas Financeiras | CF310: 0.0085 | CG310: 0.0085 | CH310: 0.0111
CD311: =+CD310+1 -> 605 | CE311: Lucro | CF311: 0.035 | CG311: 0.0511 | CH311: 0.0622
